 Dungeon Crawl Stone Soup version 0.20.0-8-g6b59dc7 (webtiles) character file.

12127186 Yhamm the Minotaur Barricade (level 27, 189/273 HPs)
             Began as a Minotaur Fighter on May 28, 2017.
             Was the Champion of Okawaru.
             Escaped with the Orb
             ... and 15 runes on June 1, 2017!
             The game lasted 20:33:18 (136814 turns).

Yhamm the Minotaur Barricade (Minotaur Fighter)   Turns: 136814, Time: 20:33:19

Health: 189/273    AC: 44    Str: 29    XL:     27
Magic:  49/49      EV: 35    Int: 10    God:    Okawaru [******]
Gold:   14498      SH: 23    Dex: 29    Spells: 14/63 levels left

rFire    + + +     SeeInvis +   z - +8 broad axe of Fury {chop, rF- rN+ Dex+2 SInv}
rCold    + + .     Gourm    .   v - +2 shield of Resistance {rF+ rC+ MR+}
rNeg     + + +     Faith    .   K - +9 scales of the Dragon King {rPois rF+ rC+ MR+}
rPois    +         Spirit   .   t - +2 hat "Rauhuppa" {Int+7}
rElec    +         Reflect  .   b - scarf of the Realm of Zot {rF+ rCorr Dex+4}
rCorr    +         Harm     .   H - +0 pair of gloves "Waqal" {rN+ Str+4 Dex+4}
MR       +++++                  q - +2 pair of boots {run}
Stlth    ..........             y - amulet of the Air {Inacc +Fly rElec EV+5 RMsl}
Regen    0.6/turn               p - ring of Kuxteon {rN+ MR++ Str+2 Int-4 Slay+3}
MPRegen  0.4/turn               s - ring "Yrifuv" {rF+ rN+ MP+9 Dex+2}

@: repel missiles, quick
A: retaliatory headbutt, horns 2, camouflage 1, blink, clumsy 1, low mp 1
0: Orb of Zot
}: 15/15 runes: decaying, slimy, silver, golden, iron, obsidian, icy, bone,
abyssal, demonic, glowing, magical, fiery, dark, gossamer
a: Blink, Heroism, Finesse, Renounce Religion, Evoke Flight


You escaped.
You worshipped Okawaru.
Okawaru was exalted by your worship.
You were not hungry.

You visited 18 branches of the dungeon, and saw 90 of its levels.
You visited Pandemonium 4 times, and saw 52 of its levels.
You visited the Abyss 2 times.
You also visited: Labyrinth, Trove, Ossuary, Ice Cave and Wizlab.

You collected 20272 gold pieces.
You spent 5774 gold pieces at shops.

Inventory:

Hand Weapons
 e - the +12 fustibalus of the Apocalypse {venom, +Inv rPois rC+}
   (You found it on level 3 of the Elven Halls)

   It poisons the ammo it fires.
   It protects you from cold.
   It protects you from poison.
   It lets you turn invisible.
 z - the +8 broad axe of Fury (weapon) {chop, rF- rN+ Dex+2 SInv}
   (Okawaru gifted it to you on level 14 of the Dungeon)

   It inflicts extra damage upon your enemies.
   It affects your dexterity (+2).
   It makes you vulnerable to fire.
   It protects you from negative energy.
   It lets you see invisible.
 G - the +12 hand axe of the Old World {flame, rF+}
   (You found it on level 7 of the Dungeon)

   It has been specially enchanted to burn those struck by it, causing extra
   injury to most foes and up to half again as much damage against particularly
   susceptible opponents.
   Big, fiery blades are also staple armaments of hydra-hunters.
   It protects you from fire.
 Z - the +7 battleaxe of the Nexus {chop, rC+++ rN+ MP-9}
   (You found it in Pandemonium)

   It inflicts extra damage upon your enemies.
   It renders you almost immune to cold.
   It protects you from negative energy.
   It affects your magic capacity (-9).
Missiles
 m - 614 sling bullets (quivered)
Armour
 b - the scarf of the Realm of Zot (worn) {rF+ rCorr Dex+4}
   (You acquired it on level 13 of the Dungeon)

   It affects your dexterity (+4).
   It protects you from fire.
   It protects you from acid and corrosion.
 q - a +2 pair of boots of running (worn)
 t - the +2 hat "Rauhuppa" (worn) {Int+7}
   (Okawaru gifted it to you in Pandemonium)

   It affects your intelligence (+7).
 v - the +2 shield of Resistance (worn) {rF+ rC+ MR+}
   (You found it on level 9 of the Dungeon)

   It protects you from fire.
   It protects you from cold.
   It affects your resistance to hostile enchantments.
 H - the +0 pair of gloves "Waqal" (worn) {rN+ Str+4 Dex+4}
   (You bought it in a shop on level 13 of the Dungeon)

   It affects your strength (+4).
   It affects your dexterity (+4).
   It protects you from negative energy.
 K - the +9 scales of the Dragon King (worn) {rPois rF+ rC+ MR+}
   (You took it off a minotaur in a labyrinth)

   It protects you from fire.
   It protects you from cold.
   It protects you from poison.
   It affects your resistance to hostile enchantments.
Jewellery
 p - the ring of Kuxteon (left hand) {rN+ MR++ Str+2 Int-4 Slay+3}
   (You found it in a wizard's laboratory)

   [ring of positive energy]

   It affects your strength (+2).
   It affects your intelligence (-4).
   It affects your accuracy and damage with ranged weapons and melee attacks
   (+3).
   It protects you from negative energy.
   It affects your resistance to hostile enchantments.
 s - the ring "Yrifuv" (right hand) {rF+ rN+ MP+9 Dex+2}
   (You found it on level 5 of the Vaults)

   [ring of protection from fire]

   It affects your dexterity (+2).
   It protects you from fire.
   It protects you from negative energy.
   It affects your magic capacity (+9).
 u - the amulet "Qeyl" {Gourm rN+ Str+7 Slay+3}
   (You found it on level 7 of the Iron City of Dis)

   [amulet of the gourmand]

   It allows you to eat raw meat even when not hungry.
   It affects your strength (+7).
   It affects your accuracy and damage with ranged weapons and melee attacks
   (+3).
   It protects you from negative energy.
 y - the amulet of the Air (around neck) {Inacc +Fly rElec EV+5 RMsl}
   (You found it on level 1 of the Vaults)

   [amulet of inaccuracy]

   It reduces the accuracy of all your attacks.
   It affects your evasion (+5).
   It insulates you from electricity.
   It lets you fly.
   It protects you from missiles.
 L - the ring of Suicidal Tendencies {rCorr rC++ Str+5}
   (You took it off a skeletal warrior on level 3 of the Crypt)

   [ring of resist corrosion]

   It affects your strength (+5).
   It greatly protects you from cold.
 R - the ring of Phasing {EV+8}
   (You found it on level 7 of the Iron City of Dis)

   [ring of evasion]

   It affects your evasion (+8).
 S - a +5 amulet of reflection
Wands
 a - a wand of digging (22/24)
 o - a wand of enslavement (24/24)
 A - a wand of confusion (39/48)
 J - a wand of enslavement (24/24)
 O - a wand of digging (19/24)
Scrolls
 c - 3 scrolls of holy word
 g - 3 scrolls of blinking
 i - 51 scrolls of teleportation
 k - 8 scrolls of identify
 l - 16 scrolls of immolation
 n - 3 scrolls of magic mapping
 x - 32 scrolls of remove curse
 B - 11 scrolls of fear
 D - 7 scrolls of recharging
 U - 4 scrolls of silence
 V - 12 scrolls of fog
 X - 9 scrolls of summoning
Potions
 r - 2 potions of mutation
 w - 4 potions of heal wounds
 C - 25 potions of curing
 E - 5 potions of agility
 I - 5 potions of ambrosia
 N - 7 potions of invisibility
 P - 6 potions of cancellation
 Q - 3 potions of resistance
 T - 7 potions of haste
 W - 16 potions of lignification
Miscellaneous
 F - a figurine of a ziggurat
Comestibles
 f - 2 bread rations
 h - 35 royal jellies
 j - 65 meat rations


   Skills:
 O Level 27 Fighting
 O Level 27 Axes
 O Level 27 Slings
 + Level 2.8(17.6) Throwing
 O Level 27 Armour
 O Level 27 Dodging
 + Level 13.3 Stealth
 O Level 27 Shields
 * Level 18.5 Spellcasting
 * Level 12.5 Hexes
 * Level 11.9 Translocations
 + Level 11.1 Fire Magic
 + Level 11.1 Earth Magic
 O Level 27 Invocations
 - Level 22.3 Evocations


You had 14 spell levels left.
You knew the following spells:

 Your Spells              Type           Power        Failure   Level  Hunger
a - Blink                 Tloc           N/A          1%          2    None
b - Silence               Hex/Air        ###.......   54%         5    #####..
c - Shatter               Erth           ####......   100%        9    #######
d - Ignition              Fire           ####......   100%        8    #######
e - Statue Form           Tmut/Erth      ###......    99%         6    ######.
f - Controlled Blink      Tloc           N/A          100%        8    #######
g - Lee's Rapid Deconstr  Erth           ####......   9%          5    #####..
h - Teleport Other        Tloc           ####....     1%          3    None
i - Confuse               Hex            ####....     1%          3    None


Dungeon Overview and Level Annotations

Branches:
Dungeon (15/15)            Temple (1/1) D:4            Lair (6/6) D:11
  Swamp (4/4) Lair:2       Spider (4/4) Lair:2        Slime (5/5) Lair:5
    Orc (2/2) D:9             Elf (3/3) Orc:2        Vaults (5/5) D:13
  Crypt (3/3) Vaults:3       Tomb (3/3) Crypt:3      Depths (5/5) D:15
   Hell (1/1)                 Dis (7/7) Hell            Geh (7/7) Hell
    Coc (7/7) Hell            Tar (7/7) Hell            Zot (5/5) Depths:5

Altars:
Ashenzari
Cheibriados
Dithmenos
Elyvilon
Fedhas
Gozag
Hepliaklqana
Kikubaaqudgha
Makhleb
Nemelex Xobeh
Okawaru
Qazlal
Ru
Sif Muna
Trog
Uskayaw
Vehumet
Xom
Yredelemnul
Zin
The Shining One
Jiyva

Shops:
D:13 ?%[   Orc:1 !*   Orc:2 [?(*=}   Elf:2 *   Elf:3 !   Vaults:2 :
Depths:3 *%(*

Portals:
Hell: Depths:1 Depths:2 Depths:3 Depths:4 Depths:5
Abyss: Depths:3 Depths:4
Pandemonium: Depths:1 Depths:3
Ziggurat: Depths:4

Annotations:
D:9 1 runed door


Innate Abilities, Weirdness & Mutations

You reflexively headbutt those who attack you in melee.
You have a pair of horns on your head.
Your skin changes colour to match your surroundings (Stealth+).
You can translocate small distances at will.
You are clumsy. (Dex -2)
Your magical capacity is low. (-10% MP)


Message History

There is a stone staircase leading up here.
You climb upwards.
There is a stone staircase leading down here.
There is a stone staircase leading up here.
You climb upwards.
There is a stone staircase leading down here.
An orange demon comes into view.
Evoke which item? (* to show all) (? for menu, Esc to quit)
Aiming: Dig
Press: ? - help, Shift-Dir - straight line The rock shatters into small pieces.
This wand has 19 charges left.
Your extra speed is starting to run out.
Why would you want to do that?
You feel yourself slow down. Why would you want to do that?
There is a stone staircase leading down here.
There is a staircase leading out of the dungeon here.
There is a stone staircase leading down here.
There is a staircase leading out of the dungeon here.
You have escaped!

#.....###.##.........#### #.#
#.....# #.########......## #.#
##.....###.##### #..####..# #.###
#........#.....# #.## ##.# #....
#........#.###.###.# #.####.##
#........#.##......## ##......##
'........#.#..≈≈≈≈..####..≈§≈≈..#
#........#.#)≈≈≈≈≈≈......§≈≈≈≈≈.#
.............≈≈>@≈≈......≈≈≈≈≈≈.#
###########..≈.≈≈≈≈......≈§§≈≈≈..
.# ##..≈≈≈≈...##...≈≈§≈... .##
##.......####....§.... ..#
####..### ######.#..# ..# ##.##
#.......#÷. ..# #..# #.#####.#).
#.# ###########.## #.#.....#..
#.# #...........# #.#.#####..


There were no monsters in sight!

Vanquished Creatures
  Cerebov (Pan)
  Asmodeus (Geh:7)
  Antaeus (Coc:7)
  the Royal Jelly (Slime:5)
  Ereshkigal (Tar:7)
  Dissolution (Slime:2)
  2 seraphim the Serpent of Hell (Dis:7)
  Gloorx Vloq (Pan)
  Mnoleg (Pan)
  Lom Lobon (Pan)
  The ghost of itsmu the Petrodigitator, a legendary GrEE of Vehumet (Zot:2)
  Dispater (Dis:7)
  3 orbs of fire (Zot:5)
  14 ancient liches
  26 pandemonium lords
  Mennas (Vaults:3)
  Mara (Depths:2)
  27 greater mummies
  Boris (Depths:3)
  Sojobo (Tomb:1)
  the Lernaean hydra (Swamp:4)
  Bai Suzhen (Vaults:4)
  Saint Roka (Vaults:3)
  Frederick (Vaults:3)
  18 shard shrikes
  Xtahua (Depths:5)
  4 Killer Klowns (Zot:5)
  Geryon (Hell)
  3 curse toes
  20 golden dragons
  Jory (Vaults:5)
  A profane servitor (Abyss:3)
  2 pearl dragons (Pan)
  23 bone dragons
  43 Brimstone Fiends
  A mutant beast (WizLab)
  10 doom hounds
  57 Tzitzimimeh
  Jorgrun (Vaults:4)
  2 electric golems
  10 iron giants
  25 tentacled monstrosities
  25 Orb Guardians
  A hellephant (Pan)
  24 liches
  12 Hell Sentinels
  31 Ice Fiends
  7 titans
  2 deep elf blademasters (Elf:3)
  9 quicksilver dragons
  2 deep elf master archers (Elf:3)
  63 Executioners
  20 acid blobs
  9 sphinxes
  6 eldritch tentacles
  4 death cobs
  19 tentacled starspawn
  2 draconian monks
  14 ancient champions
  Frances (D:12)
  19 shadow dragons
  15 azure jellies
  Gastronok (Lair:1)
  10 tengu reavers
  22 daevas (Pan)
  18 fire giants
  8 storm dragons
  6 revenants
  8 deep elf sorcerers
  12 iron dragons
  Aizul (Swamp:2)
  18 ghost moths
  8 frost giants
  4 draconian scorchers
  3 emperor scorpions (Spider:4)
  4 draconian knights
  17 vault wardens
  8 curse skulls
  29 angels
  37 cacodemons
  70 balrugs
  17 ironheart preservers
  22 warmongers (Pan)
  6 draconian stormcallers
  2 juggernaut zombies (Hell)
  8 deep elf elementalists
  5 draconian shifters
  31 very ugly things
  20 war gargoyles
  2 orc warlords
  26 stone giants
  94 reapers
  2 ghouls
  2 spriggan defenders (Depths:3)
  4 elemental wellsprings
  An entropy weaver (shapeshifter) (Vaults:5)
  15 ophanim (Pan)
  9 vampire knights
  6 bennus
  4 caustic shrike skeletons (Depths:4)
  17 blood saints (Pan)
  4 draconian annihilators
  2 entropy weavers
  A juggernaut skeleton (Depths:4)
  3 deep elf demonologists
  The ghost of IjonTichy1 the Spry, a journeyman MfGl of Okawaru (Lair:2)
  22 corrupters (Pan)
  9 purple draconians
  24 black suns (Pan)
  12 green draconians
  13 deep elf annihilators
  24 apis (Pan)
  Azrael (Spider:3)
  7 red draconians
  10 white draconians
  7 yellow draconians
  11 black draconians
  10 spark wasps
  A merfolk javelineer (Depths:1)
  13 deep elf death magi
  28 lorocyprocas
  38 green deaths
  12 ettins
  A crystal guardian (Vaults:5)
  47 blizzard demons
  7 eidola
  Josephine (D:13)
  6 jiangshi
  9 death oozes
  25 mummy priests
  11 quicksilver dragon zombies
  A minotaur (Lab)
  Erolcha (Orc:1)
  16 yaktaur captains
  10 fire dragons
  9 deep elf high priests (Elf:3)
  8 hell beasts
  26 great orbs of eyes
  10 rakshasas
  28 hydras
  9 quicksilver dragon skeletons
  A naga warrior (Abyss:3)
  32 ice dragons
  41 vault guards
  4 ghost crabs
  Harold (Lair:4)
  The ghost of cereshysteria the Grappler, a journeyman DrMo of Cheibriados (D:12)
  6 spriggan air magi
  27 monstrous demonspawn (Pan)
  30 dancing weapons
  An anaconda (shapeshifter) (WizLab)
  9 deep troll shamans
  10 centaur warriors
  A queen ant (shapeshifter) (Vaults:4)
  3 death knights
  43 two-headed ogres
  18 ogre magi
  5 alligators
  11 vampire magi
  8 tengu warriors
  7 titan zombies
  5 death yaks
  63 death scarabs
  4 orc high priests
  30 hell hogs
  8 deep troll earth magi
  8 titan skeletons
  19 thrashing horrors
  A death yak (shapeshifter) (Vaults:5)
  5 spriggan berserkers
  9 storm dragon zombies
  16 deep elf knights
  4 iron golems
  141 sun demons
  94 soul eaters
  17 wretched stars
  3 salamander mystics (Depths:5)
  A fire crab (Lair:6)
  A spark wasp zombie (Depths:3)
  3 iron trolls
  A fire crab (shapeshifter) (WizLab)
  20 shadow wraiths
  66 hell knights
  7 storm dragon skeletons
  23 deep trolls
  58 sixfirhies
  13 cherubim (Pan)
  2 ghost moth zombies
  2 spectral anacondas (Depths:2)
  2 spriggan druids
  A deep troll (shapeshifter) (Abyss:3)
  2 spatial maelstroms (Abyss:3)
  152 skeletal warriors
  3 death drakes
  4 golden dragon zombies
  10 unseen horrors
  26 infernal demonspawn (Pan)
  17 anaconda zombies
  7 wizards
  31 torturous demonspawn (Pan)
  2 orange crystal statues (Depths:2)
  A spectral hydra (Depths:2)
  2 unseen horrors (shapeshifter)
  3 tengu zombies
  48 shadow demons
  22 flayed ghosts
  10 shadow dragon zombies
  34 phantasmal warriors
  14 anaconda skeletons
  A shambling mangrove (Swamp:4)
  23 gelid demonspawn (Pan)
  A kraken simulacrum (Hell)
  13 wolf spider zombies
  12 glowing orange brains
  3 harpies (shapeshifter)
  11 harpies
  9 swamp dragons
  8 golden dragon skeletons
  22 orb spiders
  12 deep elf archers
  11 ironbrand convokers
  33 necromancers
  19 orc knights
  10 iron dragon zombies
  54 deep elf magi
  7 shadow dragon skeletons
  5 fire giant zombies
  21 wolf spiders
  10 orc sorcerers
  14 cyclopes
  3 manticores
  63 ugly things
  A sphinx zombie (Vaults:2)
  12 shining eyes
  12 stone giant zombies
  3 oklob plants (Lair:1)
  3 mana vipers
  13 frost giant skeletons
  A faun (shapeshifter) (WizLab)
  6 worldbinders
  2 shock serpent zombies
  16 fire giant skeletons
  A salamander (shapeshifter) (Depths:2)
  A sphinx skeleton (Depths:3)
  27 moths of wrath
  3 ice statues
  8 salamanders (Depths:5)
  4 iron dragon skeletons
  9 vault sentinels
  15 frost giant zombies
  4 elephants (Lair:2)
  10 black mambas
  2 black mambas (shapeshifter)
  2 titan simulacra (Coc:7)
  8 stone giant skeletons
  3 guardian serpents (Abyss:3)
  2 storm dragon simulacra
  13 eyes of devastation
  91 smoke demons
  3 dire elephant zombies
  8 gargoyles
  43 orange demons
  50 rust devils
  2 spriggan skeletons
  6 molten gargoyles
  6 apocalypse crabs
  6 spiny frogs
  A torpor snail (Lair:6)
  82 hellions
  3 catoblepas zombies
  5 dire elephant skeletons
  2 rime drakes
  8 elf skeletons
  46 yaktaurs
  72 tormentors
  3 emperor scorpion zombies
  57 demonic crawlers
  A rime drake (shapeshifter) (WizLab)
  3 shock serpent skeletons
  23 efreet
  50 freezing wraiths
  A redback zombie (D:15)
  39 hellwings
  A black draconian skeleton (Tar:6)
  A yaktaur (shapeshifter) (Vaults:1)
  2 yaktaur zombies
  16 ancient zymes
  2 anaconda simulacra
  A catoblepas skeleton (Coc:4)
  41 ice devils
  6 human skeletons
  79 red devils
  4 spectral merfolk (Depths:2)
  4 silent spectres
  3 tengu conjurers
  6 komodo dragons
  49 guardian mummies
  14 trolls
  A merfolk (shapeshifter) (Vaults:5)
  23 hydra zombies
  4 polar bears
  5 harpy zombies
  3 meliai (shapeshifter)
  10 tyrant leeches
  A wind drake (shapeshifter) (Vaults:4)
  A polar bear (shapeshifter) (Vaults:3)
  27 jumping spiders
  A yaktaur skeleton (Vaults:2)
  2 trolls (shapeshifter) (WizLab)
  6 fire dragon zombies
  A shadow dragon simulacrum (Coc:4)
  11 hydra skeletons
  7 blink frogs
  A minotaur skeleton (Pan)
  A hornet (shapeshifter) (WizLab)
  161 slime creatures
  An iron dragon simulacrum (Abyss:3)
  4 ice dragon zombies
  A hippogriff (shapeshifter) (Vaults:2)
  34 raiju
  24 hornets
  4 harpy skeletons
  8 hippogriffs
  9 bog bodies
  133 large abominations
  14 alligator zombies
  A deep troll zombie (Hell)
  16 ettin zombies
  A stone giant simulacrum (Tar:5)
  229 flying skulls
  7 black mamba zombies
  53 shadows
  4 tarantellas (shapeshifter)
  21 water elementals
  51 redbacks
  3 spriggans (shapeshifter) (WizLab)
  12 spriggans
  76 ynoxinuls
  14 air elementals
  7 wyverns
  13 fire dragon skeletons
  57 wraiths
  14 ettin skeletons
  45 fire elementals
  A dire elephant simulacrum (Tomb:1)
  14 ice dragon skeletons
  33 small abominations
  56 yaks
  18 ushabtiu
  4 vampires
  A human (shapeshifter) (WizLab)
  15 fire bats
  27 tarantellas
  2 hogs (shapeshifter)
  A wyvern (shapeshifter) (Lair:1)
  A yak (shapeshifter) (WizLab)
  19 hungry ghosts
  A steam dragon (Lair:6)
  2 basilisks (shapeshifter) (WizLab)
  A black mamba skeleton (Geh:2)
  16 golden eyes
  9 basilisks
  A wind drake skeleton (Crypt:2)
  38 neqoxecs
  48 chaos spawn
  20 vampire mosquitoes
  A merfolk zombie (Dis:4)
  13 wargs
  A spatial vortex (Geh:7)
  20 insubstantial wisps
  Edmund (D:5)
  3 soldier ants (D:13)
  2 acid dragons
  An acid dragon (shapeshifter) (Depths:1)
  17 swamp worms
  A naga (Abyss:3)
  4 hydra simulacra
  14 water moccasins
  7 spiny frog zombies
  7 porcupines
  A spectral spriggan (Depths:2)
  2 spectral trolls (Depths:2)
  15 ice beasts
  11 floating eyes
  105 hell hounds
  10 spiny frog skeletons
  A deep troll simulacrum (Depths:1)
  An eye of draining (shapeshifter) (WizLab)
  13 swamp drakes
  4 sky beasts
  8 snapping turtle zombies
  2 swamp dragon zombies
  65 starcursed masses
  4 black bears
  4 manticore zombies
  An alligator simulacrum (Coc:6)
  49 orc warriors
  5 phantoms
  9 boggarts
  21 eyes of draining
  38 necrophages
  41 ogres
  9 wolves
  5 centaurs
  3 swamp dragon skeletons
  5 manticore skeletons
  17 crocodiles
  5 snapping turtle skeletons
  An elf zombie (Tomb:1)
  14 bullfrogs
  3 big kobolds
  A fire crab zombie (Crypt:1)
  A spiny frog simulacrum (Coc:7)
  5 earth elementals
  A merfolk simulacrum (Depths:2)
  A hornet simulacrum (D:9)
  11 scorpions
  A troll zombie (Geh:5)
  A spectral ogre (Depths:2)
  16 killer bees
  A snapping turtle simulacrum (Coc:7)
  124 wights
  4 spectral nagas (Depths:2)
  A raiju skeleton (Crypt:2)
  11 electric eels
  7 centaur zombies
  A howler monkey (D:13)
  2 spectral centaurs (Depths:2)
  18 crimson imps
  A hound (shapeshifter) (Vaults:5)
  3 hounds
  5 lava snakes (Lair:6)
  3 quasits
  9 human zombies
  42 orc priests
  2 bullfrog skeletons
  6 centaur skeletons
  5 jellies
  34 orc wizards
  A water moccasin simulacrum (D:9)
  A gnoll shaman (D:5)
  33 iron imps
  2 iguanas
  A troll simulacrum (Depths:2)
  6 worker ants
  A killer bee zombie (D:7)
  2 big kobold zombies (Ossuary)
  A centaur simulacrum (D:9)
  3 ogre zombies
  A dwarf skeleton (Crypt:1)
  An acid dragon skeleton (Crypt:1)
  A hound skeleton (D:5)
  52 mummies
  A howler monkey zombie (D:6)
  Robin (D:2)
  12 adders
  3 gnolls (D:5)
  A howler monkey skeleton (D:4)
  An ogre simulacrum (Coc:5)
  A scorpion zombie (Ossuary)
  A hound simulacrum (D:9)
  25 shadow imps
  39 white imps
  4 ufetubi
  An ooze (shapeshifter) (WizLab)
  2 oozes
  2 adder skeletons
  A halfling skeleton (Crypt:1)
  2 worms
  5 ball lightnings (Pan)
  2 dart slugs
  2 adder simulacra (D:9)
  4 leopard geckos
  110 orcs
  A bat zombie (Crypt:2)
  3 giant cockroaches (D:1)
  3 gnoll zombies (Ossuary)
  9 hobgoblins
  4 jackals (D:1)
  19 kobolds
  A quokka (D:5)
  6 bats
  A dart slug zombie (Crypt:1)
  6 frilled lizards
  15 goblins
  A goblin zombie (Ossuary)
  A hobgoblin zombie (Ossuary)
  A jackal skeleton (D:5)
  6 kobold zombies
  A leopard gecko skeleton (D:5)
  4 orc zombies
  A quokka simulacrum (D:9)
  A quokka skeleton (Crypt:2)
  11 rats
  6 crawling corpses (Elf:3)
  A fire vortex (Geh:5)
  2 fungi (Lair:2)
  A lurking horror (Abyss:3)
  2 plants
  23 starspawn tentacles
  40 withered plants
7142 creatures vanquished.

Vanquished Creatures (collateral kills)
  A tentacled monstrosity (Zot:5)
  An Orb Guardian (Zot:5)
  A smoke demon (Pan)
3 creatures vanquished.

Vanquished Creatures (others)
  A Tzitzimitl (Tar:7)
  An Ice Fiend (Pan)
  2 eldritch tentacles
  An Executioner (Pan)
  An ancient champion (Tomb:2)
  A blood saint (Pan)
  A cacodemon (Pan)
  A stone giant (Vaults:2)
  2 blizzard demons (Pan)
  2 yaktaur captains
  A centaur warrior (Vaults:1)
  A death scarab (Tomb:3)
  A hell hog (Geh:1)
  A wretched star (Abyss:2)
  3 shadow wraiths
  A cherub (Pan)
  3 deep elf archers
  A necromancer (Geh:3)
  2 deep elf magi
  A wolf spider (Spider:3)
  2 cyclopes
  A stone giant skeleton (Tomb:2)
  A moth of wrath (Zot:5)
  3 smoke demons (Pan)
  An orange demon (Pan)
  9 yaktaurs
  A shadow (Geh:6)
  2 flying skulls
  An air elemental (Depths:4)
  A wraith (Geh:4)
  A fire bat (Pan)
  2 ynoxinuls (Pan)
  2 neqoxecs (Abyss:3)
  An orc warrior (Vaults:2)
  A swamp drake (Swamp:4)
  2 centaurs (D:13)
  A wight (Geh:2)
  A starcursed mass (Abyss:3)
  A mummy (Tomb:2)
  A white imp (Coc:6)
  12 ball lightnings (Pan)
  A block of ice (Pan)
  2 briar patches (Pan)
  8 fungi
  A lurking horror (Abyss:3)
  17 plants
  33 starspawn tentacles
  4 tentacles (Hell)
  13 withered plants (Crypt:3)
154 creatures vanquished.

Grand Total: 7299 creatures vanquished

Notes
Turn   | Place    | Note
-------+----------+-------------------------------------------
     0 | D:1      | Yhamm the Minotaur Fighter began the quest for the Orb.
     0 | D:1      | Reached XP level 1. HP: 19/19 MP: 0/0
   155 | D:1      | Reached XP level 2. HP: 23/27 MP: 1/1
   961 | D:1      | Reached XP level 3. HP: 33/33 MP: 2/2
  1148 | D:2      | Noticed Robin
  1155 | D:2      | Killed Robin
  1320 | D:2      | Reached XP level 4. HP: 40/41 MP: 3/3
  2060 | D:3      | Found a stormy altar of Qazlal.
  2070 | D:3      | Reached XP level 5. HP: 42/47 MP: 4/4
  2181 | D:3      | Found a white marble altar of Elyvilon.
  2234 | D:3      | Found a basalt altar of Yredelemnul.
  2492 | D:3      | Reached skill level 5 in Shields
  2540 | D:3      | Found a burning altar of Makhleb.
  2556 | D:3      | Noticed a sky beast
  2560 | D:3      | Killed a sky beast
  2560 | D:3      | Reached skill level 5 in Axes
  2560 | D:3      | Reached skill level 1 in Dodging
  2560 | D:3      | Reached XP level 6. HP: 35/53 MP: 5/5
  2567 | D:3      | Gained mutation: Your flesh is heat resistant. (rF+) [mutagenic meat]
  2970 | D:4      | Found a bloodstained altar of Trog.
  2970 | D:4      | Found a shimmering altar of Xom.
  2970 | D:4      | Found a glowing golden altar of the Shining One.
  2979 | D:4      | Reached skill level 5 in Armour
  3098 | D:4      | Found a hide-covered altar of Uskayaw.
  3130 | D:4      | Found a staircase to the Ecumenical Temple.
  3140 | Temple   | Entered the Ecumenical Temple
  3247 | D:4      | Lost mutation: Your flesh is heat resistant. (rF+) [potion of mutation]
  3247 | D:4      | Gained mutation: Your movements are slightly less encumbered by armour. (ER -2) [potion of mutation]
  3247 | D:4      | Gained mutation: You are partially covered in icy blue scales. (AC +2) [potion of mutation]
  3247 | D:4      | Gained mutation: You are partially covered in thin metallic scales. (AC +2) [potion of mutation]
  3341 | D:4      | Found an iron altar of Okawaru.
  3350 | D:4      | Became a worshipper of Warmaster Okawaru
  3478 | D:5      | Entered Level 5 of the Dungeon
  3503 | D:5      | Reached skill level 5 in Fighting
  3539 | D:5      | Reached XP level 7. HP: 61/61 MP: 6/6
  3637 | D:5      | Reached * piety under Okawaru
  3824 | D:5      | Killed an unseen horror
  3824 | D:5      | Reached XP level 8. HP: 44/70 MP: 7/7
  3998 | D:5      | Noticed Edmund
  4078 | D:5      | Killed Edmund
  4078 | D:5      | Reached ** piety under Okawaru
  4598 | D:6      | Reached skill level 1 in Evocations
  4834 | D:6      | Reached XP level 9. HP: 78/78 MP: 9/9
  4994 | D:6      | Found a sand-covered staircase.
  5000 | Ossuary  | Entered an ossuary
  5070 | Ossuary  | Reached *** piety under Okawaru
  5086 | Ossuary  | Reached skill level 10 in Axes
  5978 | D:7      | Got an ichor-stained hand axe
  5979 | D:7      | Identified the +12 hand axe of the Old World {flame, rF+} (You found it on level 7 of the Dungeon)
  6041 | D:7      | Reached **** piety under Okawaru
  6177 | D:7      | Reached XP level 10. HP: 64/86 MP: 10/10
  6428 | D:8      | Noticed a two-headed ogre
  6435 | D:8      | Killed a two-headed ogre
  6907 | D:9      | Reached ***** piety under Okawaru
  6924 | D:9      | Reached skill level 1 in Throwing
  6928 | D:9      | Reached skill level 10 in Shields
  7100 | D:9      | Found a runed door.
  7137 | D:9      | Noticed an ice dragon
  7139 | D:9      | Noticed a fire dragon
  7140 | D:9      | Noticed an ice dragon
  7141 | D:9      | Noticed a fire dragon
  7149 | D:9      | Found a runed door.
  7356 | D:9      | Found a staircase to the Orcish Mines.
  7837 | D:10     | Entered Level 10 of the Dungeon
  7857 | D:10     | Reached XP level 11. HP: 96/97 MP: 11/11
  8460 | D:11     | Identified a scroll of acquirement
  8472 | D:11     | Identified a +0 pair of boots of running (You acquired it on level 11 of the Dungeon)
  8480 | D:11     | Received a gift from Okawaru
  8624 | D:11     | Found a staircase to the Lair.
  8704 | D:11     | Gained mutation: You have a pair of large horns on your head. [mutagenic meat]
  9038 | D:11     | Found a basalt altar of Yredelemnul.
  9165 | D:12     | Noticed cereshysteria's ghost (journeyman DrMo)
  9210 | D:12     | Found a labyrinth entrance.
  9272 | D:12     | Reached skill level 1 in Stealth
  9298 | Lab      | Entered a labyrinth
  9786 | Lab      | Noticed a minotaur
  9807 | Lab      | Killed a minotaur
  9807 | Lab      | Reached skill level 1 in Invocations
  9822 | Lab      | Identified Qiheus's Volume of Supportive Dislocation
 10004 | D:12     | Reached skill level 10 in Fighting
 10129 | D:12     | Noticed a two-headed ogre
 10137 | D:12     | Killed a two-headed ogre
 10165 | D:12     | Killed cereshysteria's ghost
 10165 | D:12     | Reached XP level 12. HP: 70/107 MP: 10/12
 10269 | D:12     | Received a gift from Okawaru
 10298 | D:12     | Noticed Frances
 10317 | D:12     | Killed Frances
 10417 | D:13     | Found Ycaotoexa's Food Emporium.
 10428 | D:13     | Received a gift from Okawaru
 10442 | D:13     | Found Wugg's Magic Scroll Shoppe.
 10451 | D:13     | Bought a scroll of enchant armour for 112 gold pieces
 10451 | D:13     | Bought a scroll of identify for 30 gold pieces
 10451 | D:13     | Bought a scroll of fog for 30 gold pieces
 10451 | D:13     | Bought a scroll of identify for 30 gold pieces
 10451 | D:13     | Bought a scroll of identify for 30 gold pieces
 10451 | D:13     | Bought a scroll of teleportation for 45 gold pieces
 10451 | D:13     | Bought a scroll of teleportation for 45 gold pieces
 10451 | D:13     | Bought a scroll of enchant armour for 112 gold pieces
 10451 | D:13     | Bought a scroll of remove curse for 45 gold pieces
 10451 | D:13     | Bought a scroll of identify for 30 gold pieces
 10561 | D:13     | Noticed a two-headed ogre
 10562 | D:13     | Noticed a centaur warrior
 10564 | D:13     | Killed a two-headed ogre
 10569 | D:13     | Killed a centaur warrior
 10569 | D:13     | Reached ****** piety under Okawaru
 10596 | D:13     | Found a gate to the Vaults.
 10596 | D:13     | Noticed a vault guard
 10596 | D:13     | Noticed a vault guard
 10596 | D:13     | Noticed a vault guard
 10596 | D:13     | Noticed a vault guard
 10597 | D:13     | Noticed a seven-headed hydra
 10624 | D:13     | Killed a vault guard
 10629 | D:13     | Killed a vault guard
 10639 | D:13     | Killed a vault guard
 10639 | D:13     | Reached skill level 15 in Axes
 10644 | D:13     | Killed a vault guard
 10644 | D:13     | Received a gift from Okawaru
 10644 | D:13     | Reached skill level 10 in Armour
 10676 | D:13     | Killed a four-headed hydra
 10684 | D:13     | Gained mutation: You have large cloven feet. [mutagenic meat]
 10685 | D:13     | Lost mutation: You have a pair of large horns on your head. [mutagenic meat]
 10739 | D:13     | Noticed a tengu warrior
 10752 | D:13     | Killed a tengu warrior
 10795 | D:13     | Found Ogafor's Antique Armour Shop.
 10801 | D:13     | Noticed a two-headed ogre
 10808 | D:13     | Killed a two-headed ogre
 10808 | D:13     | Reached XP level 13. HP: 89/117 MP: 15/15
 10848 | D:13     | Noticed Josephine
 10861 | D:13     | Killed Josephine
 10861 | D:13     | Received a gift from Okawaru
 11233 | D:13     | Bought a pair of dazzling gloves for 199 gold pieces
 11233 | D:13     | Identified the cursed +0 pair of gloves "Waqal" {rN+ Str+4 Dex+4} (You bought it in a shop on level 13 of the Dungeon)
 11677 | D:14     | Received a gift from Okawaru
 11683 | D:14     | Got a shimmering broad axe {god gift}
 11684 | D:14     | Identified the +8 broad axe of Fury {chop, rF- rN+ Dex+2 SInv} (Okawaru gifted it to you on level 14 of the Dungeon)
 11853 | D:15     | Entered Level 15 of the Dungeon
 12035 | D:15     | Gained mutation: Your body sometimes deteriorates upon taking damage. [mutagenic meat]
 12038 | D:15     | Gained mutation: You have supernaturally acute eyesight. (SInv) [mutagenic meat]
 12039 | D:15     | Gained mutation: Armour fits poorly on your strangely shaped body. [mutagenic meat]
 12040 | D:15     | Gained mutation: You have a pair of large horns on your head. [mutagenic meat]
 12041 | D:15     | Gained mutation: Your spells are a little easier to cast, but a little less powerful. [mutagenic meat]
 12217 | D:15     | Received a gift from Okawaru
 12288 | D:15     | Found a staircase to the Depths.
 12332 | D:15     | Reached XP level 14. HP: 128/129 MP: 16/16
 12430 | D:15     | Found a portal to a secret trove of treasure.
 12570 | D:15     | Found a shattered altar of Ashenzari.
 13201 | Lair:1   | Entered Level 1 of the Lair of Beasts
 13202 | Lair:1   | Noticed Gastronok
 13215 | Lair:1   | Killed Gastronok
 13215 | Lair:1   | Received a gift from Okawaru
 13215 | Lair:1   | Reached skill level 5 in Invocations
 13666 | Lair:1   | Reached skill level 15 in Shields
 13985 | Lair:2   | Found a hole to the Spider Nest.
 14017 | Lair:2   | Noticed IjonTichy1's ghost (journeyman MfGl)
 14055 | Lair:2   | Killed IjonTichy1's ghost
 14123 | Lair:2   | Found a staircase to the Swamp.
 14532 | Lair:3   | Found a frozen archway.
 14578 | IceCv    | Entered an ice cave
 14592 | IceCv    | Found a transporter.
 14876 | Lair:3   | Received a gift from Okawaru
 15981 | Lair:4   | Got a clouded granite ring
 15982 | Lair:4   | Identified the ring of Gyeqaja {+Blink rPois} (You acquired it on level 4 of the Lair of Beasts)
 16165 | Lair:4   | Noticed Harold
 16188 | Lair:4   | Killed Harold
 16559 | Lair:5   | Reached XP level 15. HP: 139/139 MP: 18/18
 16850 | Lair:5   | Found a viscous altar of Jiyva.
 16851 | Lair:5   | Found a staircase to the Slime Pits.
 17176 | Lair:6   | Entered Level 6 of the Lair of Beasts
 17349 | Lair:6   | Upgraded the game from 0.20.0-6-gd3061e9 to 0.20.0-7-g3b7b877
 17349 | Lair:6   | Lost mutation: You have a pair of large horns on your head. [potion of mutation]
 17349 | Lair:6   | Lost mutation: You have supernaturally acute eyesight. (SInv) [potion of mutation]
 17349 | Lair:6   | Lost mutation: Your body sometimes deteriorates upon taking damage. [potion of mutation]
 17349 | Lair:6   | Lost mutation: Armour fits poorly on your strangely shaped body. [potion of mutation]
 17349 | Lair:6   | Lost mutation: Your spells are a little easier to cast, but a little less powerful. [potion of mutation]
 17349 | Lair:6   | Lost mutation: Your movements are slightly less encumbered by armour. (ER -2) [potion of mutation]
 17349 | Lair:6   | Gained mutation: You are agile. (Dex +2) [potion of mutation]
 17349 | Lair:6   | Gained mutation: You possess an exceptional clarity of mind. [potion of mutation]
 17843 | D:13     | Got a glittering garnet amulet
 17844 | D:13     | Identified the amulet of the Establishment {Spirit Str+2} (You acquired it on level 13 of the Dungeon)
 17878 | D:13     | Got an encrusted scarf
 17879 | D:13     | Identified the scarf of the Realm of Zot {rF+ rCorr Dex+4} (You acquired it on level 13 of the Dungeon)
 18268 | Lair:6   | Found a large runed door.
 18269 | Lair:6   | Found a large runed door.
 18458 | Lair:6   | Reached skill level 5 in Dodging
 19056 | Orc:1    | Entered Level 1 of the Orcish Mines
 19066 | Orc:1    | Received a gift from Okawaru
 19249 | Orc:1    | Found Usotatec's Assorted Antiques.
 19293 | Orc:1    | Lost mutation: You possess an exceptional clarity of mind. [a neqoxec]
 19370 | Orc:1    | Noticed an orc warlord
 19403 | Orc:1    | Received a gift from Okawaru
 19414 | Orc:1    | Killed an orc warlord
 19414 | Orc:1    | Reached skill level 15 in Fighting
 19466 | Orc:1    | Found Qieg's Distillery.
 19475 | Orc:1    | Bought a potion of heal wounds for 90 gold pieces
 19475 | Orc:1    | Bought a potion of might for 72 gold pieces
 19475 | Orc:1    | Bought a potion of haste for 180 gold pieces
 19475 | Orc:1    | Bought a potion of might for 72 gold pieces
 19475 | Orc:1    | Bought a potion of haste for 180 gold pieces
 19475 | Orc:1    | Bought 2 potions of heal wounds for 180 gold pieces
 19475 | Orc:1    | Bought a potion of haste for 180 gold pieces
 19515 | Orc:1    | Noticed Erolcha
 19525 | Orc:1    | Killed Erolcha
 19694 | Orc:2    | Entered Level 2 of the Orcish Mines
 19701 | Orc:2    | Found a staircase to the Elven Halls.
 19866 | Orc:2    | Found Zeluv's Gadget Emporium.
 19940 | Orc:2    | Noticed an orc warlord
 19984 | Orc:2    | Killed an orc warlord
 20356 | Orc:2    | Found Loru's Armour Boutique.
 20445 | Orc:2    | Found Ocrukhok's Magic Scroll Boutique.
 20481 | Orc:2    | Bought a scroll of identify for 30 gold pieces
 20481 | Orc:2    | Bought a scroll of identify for 30 gold pieces
 20481 | Orc:2    | Bought a scroll of teleportation for 45 gold pieces
 20481 | Orc:2    | Bought a scroll of identify for 30 gold pieces
 20481 | Orc:2    | Bought a scroll of teleportation for 45 gold pieces
 20735 | Orc:2    | Found Raunorofaa's Antique Armour Shop.
 20736 | Orc:2    | Found Lyxzayn's Antique Weapon Boutique.
 20737 | Orc:2    | Found Pohon's General Store.
 20737 | Orc:2    | Found Palibby's Jewellery Shop.
 20741 | Orc:2    | Bought a scroll of identify for 24 gold pieces
 20742 | Orc:2    | Bought a cursed -2 ring of slaying for 36 gold pieces
 20742 | Orc:2    | Bought a cursed -2 ring of dexterity for 36 gold pieces
 20742 | Orc:2    | Bought a cursed ring of loudness for 81 gold pieces
 20911 | Orc:1    | Received a gift from Okawaru
 20917 | Orc:1    | Got an ichor-stained hat {god gift}
 20918 | Orc:1    | Identified the +1 hat "Suduf" {Str+3} (Okawaru gifted it to you on level 1 of the Orcish Mines)
 21098 | Swamp:1  | Entered Level 1 of the Swamp
 21102 | Swamp:1  | Reached XP level 16. HP: 149/149 MP: 18/20
 22178 | Swamp:2  | Noticed Aizul
 22200 | Swamp:2  | Killed Aizul
 23020 | Swamp:3  | Received a gift from Okawaru
 23516 | Swamp:4  | Entered Level 4 of the Swamp
 23691 | Swamp:4  | Noticed the 27-headed Lernaean hydra
 23707 | Swamp:4  | Killed the 21-headed Lernaean hydra
 23707 | Swamp:4  | Received a gift from Okawaru
 23727 | Swamp:4  | Got an ancient war axe {god gift}
 23738 | Swamp:4  | Identified the +3 war axe of the Solstice {holy, MR++} (Okawaru gifted it to you on level 4 of the Swamp)
 23864 | Swamp:4  | Got a decaying rune of Zot
 24078 | Swamp:4  | Reached XP level 17. HP: 134/158 MP: 22/22
 24793 | D:15     | You paid a toll of 8 potions of haste to enter a treasure trove
 24794 | Trove    | Entered a treasure trove
 24874 | Trove    | Got a pitted demon trident
 24894 | Trove    | Got a vibrating garnet amulet
 24927 | D:15     | Identified the +8 demon trident of Beotash {venom, Dex+7} (You found it in a treasure trove)
 24928 | D:15     | Identified the amulet "Fewkater" {Harm *Drain rN++ Stlth-} (You found it in a treasure trove)
 25168 | Spider:1 | Entered Level 1 of the Spider Nest
 25332 | Spider:1 | Received a gift from Okawaru
 26324 | Spider:1 | Received a gift from Okawaru
 26685 | Spider:2 | Received a gift from Okawaru
 26806 | Spider:3 | Noticed Azrael
 26817 | Spider:3 | Killed Azrael
 27448 | Spider:4 | Entered Level 4 of the Spider Nest
 27494 | Spider:4 | Gained mutation: Your spells are a little easier to cast, but a little less powerful. [mutagenic meat]
 27587 | Spider:4 | Gained mutation: You are mostly covered in icy blue scales. (AC +3) [mutagenic meat]
 27588 | Spider:4 | Gained mutation: You are frail. (-10% HP) [mutagenic meat]
 27636 | Spider:4 | Received a gift from Okawaru
 28024 | Spider:4 | Reached skill level 10 in Dodging
 28046 | Spider:4 | Reached XP level 18. HP: 137/151 MP: 1/24
 28055 | Spider:4 | Received a gift from Okawaru
 28097 | Spider:4 | Got a gossamer rune of Zot
 28625 | Vaults:1 | Entered Level 1 of the Vaults
 28925 | Vaults:1 | Gained mutation: Your natural rate of healing is unusually fast. [mutagenic meat]
 28926 | Vaults:1 | Gained mutation: You heal very quickly. [mutagenic meat]
 28927 | Vaults:1 | Lost mutation: Your spells are a little easier to cast, but a little less powerful. [mutagenic meat]
 28928 | Vaults:1 | Gained mutation: Your muscles are strong. (Str +2) [mutagenic meat]
 29052 | Vaults:1 | Reached skill level 10 in Invocations
 29082 | Vaults:1 | Gained mutation: Your body sometimes deteriorates upon taking damage. [mutagenic meat]
 29083 | Vaults:1 | Lost mutation: You have large cloven feet. [mutagenic meat]
 30182 | Vaults:2 | Received a gift from Okawaru
 30293 | Vaults:2 | Found a magical portal.
 30297 | WizLab   | Entered Cigotuvi's Fleshworks
 30334 | WizLab   | Gained mutation: You have sharp toenails. [mutagenic meat]
 30335 | WizLab   | Lost mutation: Your muscles are strong. (Str +2) [mutagenic meat]
 30336 | WizLab   | Lost mutation: Your body sometimes deteriorates upon taking damage. [mutagenic meat]
 30337 | WizLab   | Gained mutation: Armour fits poorly on your strangely shaped body. [mutagenic meat]
 30641 | WizLab   | Gained mutation: Your body sometimes deteriorates upon taking damage. [mutagenic meat]
 30642 | WizLab   | Lost mutation: You are agile. (Dex +2) [mutagenic meat]
 30715 | WizLab   | Identified Cigotuvi's Incunabulum of the Sturgeon
 30717 | WizLab   | Identified Cogazat's Incunabulum of Transmigration
 30746 | WizLab   | Gained mutation: You have a pair of large horns on your head. [mutagenic meat]
 30747 | WizLab   | Gained mutation: You expend magic power (3 MP) to strengthen your wands. [mutagenic meat]
 30786 | WizLab   | Lost mutation: You are frail. (-10% HP) [potion of mutation]
 30786 | WizLab   | Lost mutation: Armour fits poorly on your strangely shaped body. [potion of mutation]
 30786 | WizLab   | Lost mutation: Your body sometimes deteriorates upon taking damage. [potion of mutation]
 30786 | WizLab   | Lost mutation: You have a pair of large horns on your head. [potion of mutation]
 30786 | WizLab   | Gained mutation: You are agile. (Dex +2) [potion of mutation]
 30786 | WizLab   | Gained mutation: You have a pair of large horns on your head. [potion of mutation]
 30786 | WizLab   | Gained mutation: You are resistant to electric shocks. (rElec) [potion of mutation]
 30887 | WizLab   | Lost mutation: You expend magic power (3 MP) to strengthen your wands. [mutagenic meat]
 30957 | WizLab   | Gained mutation: Your system is resistant to poisons. (rPois) [mutagenic meat]
 30961 | WizLab   | Lost mutation: You have sharp toenails. [mutagenic meat]
 30973 | WizLab   | Received a gift from Okawaru
 30994 | WizLab   | Gained mutation: Your magical capacity is low. (-10% MP) [mutagenic meat]
 30996 | WizLab   | Lost mutation: You are agile. (Dex +2) [mutagenic meat]
 30998 | WizLab   | Lost mutation: You heal very quickly. [mutagenic meat]
 31000 | WizLab   | Gained mutation: Your muscles are strong. (Str +2) [mutagenic meat]
 31002 | WizLab   | Gained mutation: You possess an exceptional clarity of mind. [mutagenic meat]
 31003 | WizLab   | Lost mutation: Your system is resistant to poisons. (rPois) [mutagenic meat]
 31004 | WizLab   | Gained mutation: You passively map a small area around you. [mutagenic meat]
 31006 | WizLab   | Lost mutation: Your muscles are strong. (Str +2) [mutagenic meat]
 31127 | WizLab   | Reached XP level 19. HP: 177/177 MP: 23/23
 31140 | WizLab   | Lost mutation: You are partially covered in thin metallic scales. (AC +2) [mutagenic meat]
 31141 | WizLab   | Gained mutation: You are dopey. (Int -2) [mutagenic meat]
 31147 | WizLab   | Lost mutation: Your natural rate of healing is unusually fast. [mutagenic meat]
 31149 | WizLab   | Gained mutation: Your muscles are strong. (Str +2) [mutagenic meat]
 31152 | WizLab   | Gained mutation: Potions are less effective at restoring your health. [mutagenic meat]
 31153 | WizLab   | Gained mutation: You occasionally shout uncontrollably at your foes. [mutagenic meat]
 31154 | WizLab   | Lost mutation: Your magical capacity is low. (-10% MP) [mutagenic meat]
 31196 | WizLab   | Paralysed by a floating eye for 4 turns
 31214 | WizLab   | Gained mutation: You are completely covered in icy blue scales. (AC +4, rC+) [mutagenic meat]
 31218 | WizLab   | Gained mutation: Your body sometimes deteriorates upon taking damage. [mutagenic meat]
 31226 | WizLab   | Lost mutation: You are resistant to electric shocks. (rElec) [mutagenic meat]
 31227 | WizLab   | Lost mutation: You occasionally shout uncontrollably at your foes. [mutagenic meat]
 31228 | WizLab   | Gained mutation: You passively map the area around you. [mutagenic meat]
 31229 | WizLab   | Lost mutation: You are dopey. (Int -2) [mutagenic meat]
 31231 | WizLab   | Gained mutation: Your natural rate of healing is unusually fast. [mutagenic meat]
 31262 | WizLab   | Got a shimmering amber ring
 31400 | WizLab   | Lost mutation: Your body sometimes deteriorates upon taking damage. [potion of mutation]
 31400 | WizLab   | Lost mutation: You passively map the area around you. [potion of mutation]
 31400 | WizLab   | Gained mutation: Your system is resistant to poisons. (rPois) [potion of mutation]
 31400 | WizLab   | Gained mutation: You have large cloven feet. [potion of mutation]
 31444 | Vaults:2 | Lost mutation: Your muscles are strong. (Str +2) [mutagenic glow]
 31483 | Vaults:2 | Gained mutation: Your spells are a little easier to cast, but a little less powerful. [mutagenic glow]
 31607 | Vaults:2 | Found Keuz's Book Shoppe.
 32077 | Vaults:2 | Identified the ring of Kuxteon {rN+ MR++ Str+2 Int-4 Slay+3} (You found it in a wizard's laboratory)
 32302 | Vaults:2 | Gained mutation: Your spells are easier to cast, but less powerful. [mutagenic meat]
 32306 | Vaults:2 | Gained mutation: You occasionally shout uncontrollably at your foes. [mutagenic meat]
 32310 | Vaults:2 | Gained mutation: You can translocate small distances at will. [mutagenic meat]
 32311 | Vaults:2 | Lost mutation: You possess an exceptional clarity of mind. [potion of mutation]
 32311 | Vaults:2 | Lost mutation: Your spells are easier to cast, but less powerful. [potion of mutation]
 32311 | Vaults:2 | Lost mutation: Potions are less effective at restoring your health. [potion of mutation]
 32311 | Vaults:2 | Gained mutation: You have very sharp teeth. [potion of mutation]
 32419 | Vaults:2 | Gained mutation: Your flesh is cold resistant. (rC+) [mutagenic meat]
 32422 | Vaults:2 | Lost mutation: Your system is resistant to poisons. (rPois) [mutagenic meat]
 32423 | Vaults:2 | Gained mutation: You passively map the area around you. [mutagenic meat]
 32426 | Vaults:2 | Gained mutation: Your flesh is very cold resistant. (rC++) [mutagenic meat]
 32689 | Vaults:2 | Received a gift from Okawaru
 32711 | Vaults:2 | Identified the +0 large shield "Zomosch" {*Corrode MR- Str+4 Int+5} (Okawaru gifted it to you on level 2 of the Vaults)
 32714 | Vaults:2 | Lost mutation: You can translocate small distances at will. [mutagenic meat]
 32716 | Vaults:2 | Gained mutation: You have extremely sharp teeth. [mutagenic meat]
 32722 | Vaults:2 | Lost mutation: You occasionally shout uncontrollably at your foes. [mutagenic meat]
 32725 | Vaults:2 | Lost mutation: You have a pair of large horns on your head. [mutagenic meat]
 32727 | Vaults:2 | Gained mutation: Your mind is acute. (Int +2) [mutagenic meat]
 32986 | Vaults:3 | Noticed Frederick
 33009 | Vaults:3 | Killed Frederick
 33047 | Vaults:3 | Lost mutation: You are completely covered in icy blue scales. (AC +4, rC+) [mutagenic meat]
 33048 | Vaults:3 | Lost mutation: Your spells are a little easier to cast, but a little less powerful. [mutagenic meat]
 33209 | Vaults:3 | Found a white marble altar of Elyvilon.
 33226 | Vaults:3 | Noticed Saint Roka
 33259 | Vaults:3 | Killed Saint Roka
 33459 | Vaults:3 | Reached XP level 20. HP: 147/188 MP: 27/27
 33461 | Vaults:3 | Received a gift from Okawaru
 33476 | Vaults:3 | Paralysed by a floating eye for 4 turns
 33485 | Vaults:3 | Reached skill level 15 in Armour
 33486 | Vaults:3 | Paralysed by a floating eye for 4 turns
 33494 | Vaults:3 | Paralysed by a floating eye for 2 turns
 33502 | Vaults:3 | Paralysed by a floating eye for 3 turns
 33526 | Vaults:3 | Paralysed by a floating eye for 3 turns
 33546 | Vaults:3 | Paralysed by a floating eye for 2 turns
 34121 | Vaults:3 | Found a staircase to the Crypt.
 34295 | Vaults:3 | Noticed Mennas
 34333 | Vaults:3 | Killed Mennas
 34387 | Vaults:4 | Noticed Jorgrun
 34398 | Vaults:4 | Killed Jorgrun
 34563 | Vaults:4 | Received a gift from Okawaru
 34860 | Vaults:4 | Noticed Bai Suzhen
 34872 | Vaults:4 | Killed Bai Suzhen
 35663 | Elf:1    | Entered Level 1 of the Elven Halls
 35934 | Elf:1    | Found a radiant altar of Vehumet.
 36073 | Elf:1    | Received a gift from Okawaru
 36526 | Elf:2    | Gained mutation: You are clumsy. (Dex -2) [a neqoxec]
 36676 | Elf:2    | Reached XP level 21. HP: 198/198 MP: 28/28
 36855 | Elf:2    | Found a runed gate.
 36855 | Elf:2    | Found a runed gate.
 36855 | Elf:2    | Found a runed gate.
 36890 | Elf:2    | Found Dizojoip's Assorted Antiques.
 37041 | Elf:2    | Bought a blue potion for 23 gold pieces
 37041 | Elf:2    | Reached XP level 22. HP: 205/205 MP: 28/30
 37042 | Elf:2    | Bought a scroll of identify for 52 gold pieces
 37042 | Elf:2    | Bought a scroll of teleportation for 78 gold pieces
 37042 | Elf:2    | Bought a scroll of blinking for 195 gold pieces
 37525 | Elf:3    | Entered Level 3 of the Elven Halls
 37878 | Elf:3    | Received a gift from Okawaru
 37899 | Elf:3    | Received a gift from Okawaru
 37915 | Elf:3    | Received a gift from Okawaru
 38227 | Elf:3    | Got a faintly glowing fustibalus
 38228 | Elf:3    | Identified the +12 fustibalus of the Apocalypse {venom, +Inv rPois rC+} (You found it on level 3 of the Elven Halls)
 38293 | Elf:3    | Identified Sif Muna's Incunabulum of the Tundras
 38725 | Elf:3    | Found Newurext's Distillery.
 38733 | Elf:3    | Bought a potion of cancellation for 128 gold pieces
 38733 | Elf:3    | Bought a potion of curing for 48 gold pieces
 38733 | Elf:3    | Bought a potion of curing for 48 gold pieces
 38733 | Elf:3    | Bought 2 potions of curing for 96 gold pieces
 38733 | Elf:3    | Bought a potion of heal wounds for 80 gold pieces
 38733 | Elf:3    | Bought a potion of cancellation for 128 gold pieces
 39366 | Slime:1  | Entered Level 1 of the Pits of Slime
 39380 | Slime:1  | Gained mutation: Your body sometimes deteriorates upon taking damage. [a shining eye]
 39426 | Slime:1  | Reached skill level 15 in Dodging
 40238 | Slime:3  | Noticed Dissolution
 40241 | Slime:2  | Gained mutation: Your body often deteriorates upon taking damage. [a shining eye]
 40274 | Slime:2  | Received a gift from Okawaru
 40279 | Slime:2  | Killed Dissolution
 40309 | Slime:3  | Reached XP level 23. HP: 164/215 MP: 29/31
 40525 | Slime:4  | Lost mutation: Your body often deteriorates upon taking damage. [a shining eye]
 40573 | Slime:4  | Gained mutation: Armour fits poorly on your strangely shaped body. [a shining eye]
 40645 | Slime:4  | Received a gift from Okawaru
 40747 | Slime:4  | Gained mutation: You are very clumsy. (Dex -4) [a shining eye]
 41010 | Slime:5  | Entered Level 5 of the Pits of Slime
 41080 | Slime:5  | Gained mutation: Scrolls take you a little longer to read. [a shining eye]
 41158 | Slime:5  | Received a gift from Okawaru
 41365 | Slime:5  | Lost mutation: You have large cloven feet. [a shining eye]
 41393 | Slime:5  | Lost mutation: You are mostly covered in icy blue scales. (AC +3) [potion of mutation]
 41393 | Slime:5  | Lost mutation: Armour fits poorly on your strangely shaped body. [potion of mutation]
 41393 | Slime:5  | Lost mutation: You are partially covered in icy blue scales. (AC +2) [potion of mutation]
 41393 | Slime:5  | Lost mutation: You are very clumsy. (Dex -4) [potion of mutation]
 41393 | Slime:5  | Lost mutation: Your body sometimes deteriorates upon taking damage. [potion of mutation]
 41393 | Slime:5  | Lost mutation: You are clumsy. (Dex -2) [potion of mutation]
 41393 | Slime:5  | Gained mutation: Your spells are a little harder to cast, but a little more powerful. [potion of mutation]
 41489 | Slime:5  | Gained mutation: Armour fits poorly on your strangely shaped body. [a shining eye]
 41509 | Slime:4  | Lost mutation: Your mind is acute. (Int +2) [potion of mutation]
 41509 | Slime:4  | Lost mutation: You passively map the area around you. [potion of mutation]
 41509 | Slime:4  | Lost mutation: Scrolls take you a little longer to read. [potion of mutation]
 41509 | Slime:4  | Gained mutation: You are robust. (+10% HP) [potion of mutation]
 41509 | Slime:4  | Lost mutation: Your spells are a little harder to cast, but a little more powerful. [potion of mutation]
 41509 | Slime:4  | Lost mutation: Armour fits poorly on your strangely shaped body. [potion of mutation]
 41509 | Slime:4  | Gained mutation: You are somewhat resistant to further mutation. [potion of mutation]
 41765 | Slime:5  | Found a viscous altar of Jiyva.
 41848 | Slime:5  | Noticed the Royal Jelly
 41879 | Slime:5  | Killed the Royal Jelly
 41931 | Slime:5  | Lost mutation: You are robust. (+10% HP) [potion of mutation]
 41931 | Slime:5  | Lost mutation: You are somewhat resistant to further mutation. [potion of mutation]
 41931 | Slime:5  | Lost mutation: Your natural rate of healing is unusually fast. [potion of mutation]
 41931 | Slime:5  | Gained mutation: You are partially covered in slimy green scales. (AC +2) [potion of mutation]
 41931 | Slime:5  | Gained mutation: You are surrounded by a mild repulsion field. (EV +2) [potion of mutation]
 41974 | Slime:5  | Identified the +1 fustibalus "Getwannual" {venom, +Inv MR+ Int+3} (You found it on level 5 of the Pits of Slime)
 41986 | Slime:5  | Identified the ring "Umnoryerph" {MP+9 Str+2} (You found it on level 5 of the Pits of Slime)
 41991 | Slime:5  | Got a slimy rune of Zot
 42053 | Slime:5  | Identified the +1 morningstar "Leickaenta" {elec, Str+4} (You found it on level 5 of the Pits of Slime)
 42080 | Slime:5  | Identified the Collected Works on the Supportive Glacier
 43133 | D:13     | Lost mutation: Your flesh is very cold resistant. (rC++) [potion of mutation]
 43133 | D:13     | Lost mutation: You passively map a small area around you. [potion of mutation]
 43133 | D:13     | Lost mutation: You are partially covered in slimy green scales. (AC +2) [potion of mutation]
 43133 | D:13     | Gained mutation: Your magical capacity is low. (-10% MP) [potion of mutation]
 43133 | D:13     | Gained mutation: Your mind is acute. (Int +2) [potion of mutation]
 43134 | D:13     | Lost mutation: Your magical capacity is low. (-10% MP) [potion of mutation]
 43134 | D:13     | Lost mutation: Your mind is acute. (Int +2) [potion of mutation]
 43134 | D:13     | Gained mutation: You possess an exceptional clarity of mind. [potion of mutation]
 43134 | D:13     | Gained mutation: Your muscles are strong. (Str +2) [potion of mutation]
 43191 | Depths:1 | Entered Level 1 of the Depths
 43227 | Depths:1 | Found a gateway to Hell.
 43397 | Depths:1 | Found a one-way gate leading to the halls of Pandemonium.
 43458 | Depths:1 | Gained mutation: You are partially covered in slimy green scales. (AC +2) [mutagenic meat]
 43459 | Depths:1 | Lost mutation: Your muscles are strong. (Str +2) [mutagenic meat]
 43464 | Depths:1 | Gained mutation: Your body sometimes deteriorates upon taking damage. [mutagenic meat]
 43465 | Depths:1 | Gained mutation: You are partially covered in rugged brown scales. (AC +1, +3% HP) [mutagenic meat]
 43605 | Depths:1 | Received a gift from Okawaru
 44088 | Depths:2 | Lost intelligence.
 44423 | Depths:2 | Paralysed by a floating eye for 3 turns
 44648 | Depths:2 | Lost intelligence.
 44663 | Depths:2 | Identified Lituis's Tome of Lucky Creation
 44753 | Depths:2 | Noticed Mara
 44754 | Depths:2 | Reached XP level 24. HP: 191/230 MP: 31/31
 44772 | Depths:2 | Noticed Yhamm's illusion
 44832 | Depths:2 | Noticed Yhamm's illusion
 44835 | Depths:2 | Killed Mara
 44898 | Depths:2 | Lost mutation: You possess an exceptional clarity of mind. [potion of mutation]
 44898 | Depths:2 | Lost mutation: You are partially covered in slimy green scales. (AC +2) [potion of mutation]
 44898 | Depths:2 | Lost intelligence.
 44898 | Depths:2 | Gained mutation: You are dopey. (Int -2) [potion of mutation]
 44898 | Depths:2 | Gained mutation: Your muscles are strong. (Str +2) [potion of mutation]
 44901 | Depths:2 | Lost mutation: Your body sometimes deteriorates upon taking damage. [potion of mutation]
 44901 | Depths:2 | Lost mutation: You are dopey. (Int -2) [potion of mutation]
 44901 | Depths:2 | Gained mutation: Your spells are a little easier to cast, but a little less powerful. [potion of mutation]
 44901 | Depths:2 | Gained mutation: Your system is resistant to poisons. (rPois) [potion of mutation]
 45182 | Depths:2 | Received a gift from Okawaru
 45185 | Depths:2 | Identified the +1 hat "Miosop" {Int+2 Slay+2} (Okawaru gifted it to you on level 2 of the Depths)
 45626 | Depths:2 | Lost intelligence.
 45778 | Depths:2 | Gained mutation: You occasionally shout uncontrollably at your foes. [mutagenic meat]
 45782 | Depths:2 | Gained mutation: You are agile. (Dex +2) [mutagenic meat]
 45786 | Depths:2 | Gained mutation: You are surrounded by a moderate repulsion field. (EV +3) [mutagenic meat]
 46209 | D:13     | Lost mutation: Your spells are a little easier to cast, but a little less powerful. [potion of mutation]
 46209 | D:13     | Lost mutation: You occasionally shout uncontrollably at your foes. [potion of mutation]
 46209 | D:13     | Lost mutation: You are agile. (Dex +2) [potion of mutation]
 46209 | D:13     | Lost mutation: Your muscles are strong. (Str +2) [potion of mutation]
 46209 | D:13     | Lost mutation: Your flesh is cold resistant. (rC+) [potion of mutation]
 46209 | D:13     | Gained mutation: You are resistant to hostile enchantments. (MR+) [potion of mutation]
 46209 | D:13     | Gained mutation: Your natural rate of healing is unusually fast. [potion of mutation]
 46209 | D:13     | Gained mutation: You have large cloven feet. [potion of mutation]
 46232 | D:13     | Upgraded the game from 0.20.0-7-g3b7b877 to 0.20.0-8-g6b59dc7
 46486 | Depths:3 | Found Niommoj's Antique Weapon Shop.
 46528 | Depths:3 | Found Kahoodos's General Store.
 46528 | Depths:3 | Found Pygegutoz's Assorted Antiques.
 46549 | Depths:3 | Found Ciasoufoj's Food Boutique.
 46937 | Depths:3 | Noticed Boris
 46963 | Depths:3 | Killed Boris
 47152 | Depths:3 | Identified the cursed +1 ring mail "Eneuc" {rN+ SInv} (You found it on level 3 of the Depths)
 47193 | Depths:3 | Received a gift from Okawaru
 47458 | Depths:3 | Found a one-way gate to the infinite horrors of the Abyss.
 47740 | Depths:4 | Reached XP level 25. HP: 215/241 MP: 31/31
 47905 | Depths:4 | Cast into level 2 of the Abyss (hell knight)
 48035 | Abyss:2  | Lost intelligence.
 48074 | Abyss:2  | Received a gift from Okawaru
 48299 | Depths:4 | Escaped the Abyss
 48500 | Depths:4 | Found a gateway to a ziggurat.
 49215 | Depths:5 | Entered Level 5 of the Depths
 49279 | Depths:5 | Noticed Xtahua
 49287 | Depths:5 | Received a gift from Okawaru
 49300 | Depths:5 | Killed Xtahua
 49456 | Depths:5 | Got a bloodstained scarf {god gift}
 49463 | Depths:5 | Identified the scarf of Xufoas {rF- Regen+ rCorr Int+8} (Okawaru gifted it to you on level 5 of the Depths)
 49522 | Depths:5 | Found a gate to the Realm of Zot.
 50360 | Vaults:5 | Entered Level 5 of the Vaults
 50370 | Vaults:5 | Reached XP level 26. HP: 252/253 MP: 25/31
 50459 | Vaults:5 | Received a gift from Okawaru
 50479 | Vaults:5 | Reached skill level 27 in Shields
 50592 | Vaults:5 | Received a gift from Okawaru
 50620 | Vaults:5 | Received a gift from Okawaru
 50648 | Vaults:5 | Got a dazzling halberd {freeze}
 50706 | Vaults:5 | Got an ichor-stained broad axe {god gift}
 50829 | Vaults:5 | Identified the cursed +3 halberd "Gezinom" {freeze, rF- rC+ MR+ Str+4} (You took it off a yaktaur captain on level 5 of the Vaults)
 50830 | Vaults:5 | Identified the +9 broad axe "Xarasy" {venom, Stlth+} (Okawaru gifted it to you on level 5 of the Vaults)
 50918 | Vaults:5 | Noticed an ancient lich
 50927 | Vaults:5 | Killed an ancient lich
 50932 | Vaults:5 | Identified the +1 plate armour of Past Mistakes {rPois rF- rCorr} (You found it on level 5 of the Vaults)
 51020 | Vaults:5 | Identified the Almanac of Mutagenic Snow
 51106 | Vaults:5 | Noticed Jory
 51127 | Vaults:5 | Killed Jory
 51180 | Vaults:5 | Got a silver rune of Zot
 51227 | Vaults:5 | Got a flickering lapis lazuli ring
 51228 | Vaults:5 | Identified the ring "Yrifuv" {rF+ rN+ MP+9 Dex+2} (You found it on level 5 of the Vaults)
 51745 | Vaults:5 | Identified the Papyrus of the Hurtful Rocks
 51807 | Vaults:5 | Identified the +1 great sword of Roelir {slice, rF+} (You took it off a deep elf mage on level 5 of the Vaults)
 51909 | Vaults:5 | Identified the +10 crystal plate armour of Canerghu {Str+5 Int+3} (You found it on level 5 of the Vaults)
 52653 | Zot:1    | Entered Level 1 of the Realm of Zot
 52765 | Zot:1    | Reached XP level 27. HP: 80/265 MP: 31/31
 53273 | Zot:1    | Received a gift from Okawaru
 54327 | Vaults:2 | Bought a book of Power for 765 gold pieces
 55925 | Zot:2    | Noticed itsmu's ghost (legendary GrEE)
 55952 | Zot:2    | Killed itsmu's ghost
 55952 | Zot:2    | Reached skill level 1 in Slings
 56087 | Zot:3    | Identified the Volume of Conjuration
 56244 | Zot:3    | Received a gift from Okawaru
 56906 | Zot:4    | Received a gift from Okawaru
 57393 | Zot:5    | Entered Level 5 of the Realm of Zot
 57951 | Zot:5    | Got a dazzling scale mail
 57953 | Zot:5    | Identified the +0 scale mail "Apouz" {Slay+2} (You acquired it on level 5 of the Realm of Zot)
 58061 | Zot:5    | Noticed an ancient lich
 58070 | Zot:5    | Noticed an orb of fire
 58073 | Zot:5    | Noticed an ancient lich
 58076 | Zot:5    | Noticed an ancient lich
 58080 | Zot:5    | Killed an ancient lich
 58086 | Zot:5    | Killed an orb of fire
 58095 | Zot:5    | Noticed an ancient lich
 58099 | Zot:5    | Noticed an orb of fire
 58102 | Zot:5    | Noticed an ancient lich
 58102 | Zot:5    | Killed an ancient lich
 58104 | Zot:5    | Killed an ancient lich
 58104 | Zot:5    | Received a gift from Okawaru
 58111 | Zot:5    | Noticed an ancient lich
 58116 | Zot:5    | Killed an orb of fire
 58118 | Zot:5    | Killed an ancient lich
 58124 | Zot:5    | Noticed an ancient lich
 58126 | Zot:5    | Noticed an ancient lich
 58126 | Zot:5    | Killed an ancient lich
 58126 | Zot:5    | Received a gift from Okawaru
 58128 | Zot:5    | Killed an ancient lich
 58133 | Zot:5    | Killed an ancient lich
 58137 | Zot:5    | Killed an ancient lich
 58144 | Zot:5    | Received a gift from Okawaru
 58479 | Zot:5    | Noticed an orb of fire
 58498 | Zot:5    | Killed an orb of fire
 58958 | D:13     | Learned a level 2 spell: Blink
 58964 | D:13     | Learned a level 5 spell: Silence
 58976 | D:13     | Learned a level 9 spell: Shatter
 58985 | D:13     | Learned a level 8 spell: Ignition
 58992 | D:13     | Learned a level 6 spell: Statue Form
 59079 | Hell     | Entered the Vestibule of Hell
 59079 | Hell     | Noticed Geryon
 59124 | Hell     | Killed Geryon
 59174 | Hell     | Found a gateway to the decaying netherworld of Tartarus.
 59225 | Hell     | Found a gateway to the ashen valley of Gehenna.
 59320 | Hell     | Found a gateway to the freezing wastes of Cocytus.
 59360 | Hell     | Reached skill level 27 in Axes
 59520 | Hell     | Reached skill level 27 in Fighting
 59539 | Hell     | Found a gateway to the Iron City of Dis.
 59929 | Crypt:1  | Entered Level 1 of the Crypt
 60649 | Crypt:2  | Received a gift from Okawaru
 61729 | Crypt:3  | Entered Level 3 of the Crypt
 62214 | Crypt:3  | Found a staircase to the Tomb.
 62239 | Crypt:3  | Identified the Tome of Unholy Rituals
 62290 | Crypt:3  | Received a gift from Okawaru
 62293 | Crypt:3  | Identified the +0 ring mail "Zeexy" {rPois Str+3} (Okawaru gifted it to you on level 3 of the Crypt)
 62749 | Crypt:3  | Identified the ring of Suicidal Tendencies {rCorr rC++ Str+5} (You took it off a skeletal warrior on level 3 of the Crypt)
 62772 | Crypt:3  | Found an ancient bone altar of Kikubaaqudgha.
 62773 | Crypt:3  | Noticed an ancient lich
 62784 | Crypt:3  | Killed an ancient lich
 62785 | Crypt:3  | Noticed an ancient lich
 62788 | Crypt:3  | Noticed an ancient lich
 62793 | Crypt:3  | Killed an ancient lich
 62803 | Crypt:3  | Killed an ancient lich
 63937 | Tomb:1   | Entered Level 1 of the Tomb of the Ancients
 64704 | Tomb:1   | Noticed a greater mummy
 64723 | Tomb:1   | Noticed a greater mummy
 64728 | Tomb:1   | Killed a greater mummy
 64811 | Tomb:1   | Killed a greater mummy
 64902 | Tomb:1   | Received a gift from Okawaru
 64922 | Tomb:1   | Reached skill level 5 in Slings
 65173 | Tomb:1   | Noticed a greater mummy
 65188 | Tomb:1   | Killed a greater mummy
 65188 | Tomb:1   | Received a gift from Okawaru
 65188 | Tomb:1   | Reached skill level 5 in Evocations
 65527 | Tomb:2   | Noticed a greater mummy
 65539 | Tomb:2   | Killed a greater mummy
 65545 | Tomb:2   | Noticed a greater mummy
 65761 | Tomb:2   | Killed a greater mummy
 65768 | Tomb:2   | Noticed a greater mummy
 65769 | Tomb:2   | Noticed a greater mummy
 65786 | Tomb:2   | Killed a greater mummy
 65791 | Tomb:2   | Killed a greater mummy
 66275 | Tomb:1   | Noticed a greater mummy
 66278 | Tomb:1   | Noticed a greater mummy
 66286 | Tomb:1   | Killed a greater mummy
 66294 | Tomb:1   | Killed a greater mummy
 66294 | Tomb:1   | Received a gift from Okawaru
 66307 | Tomb:1   | Identified the +0 cloak "Wurir" {rC+} (Okawaru gifted it to you on level 1 of the Tomb of the Ancients)
 66312 | Tomb:1   | Noticed a greater mummy
 66322 | Tomb:1   | Killed a greater mummy
 66322 | Tomb:1   | Reached skill level 15 in Invocations
 66340 | Tomb:1   | Noticed a greater mummy
 66349 | Tomb:1   | Killed a greater mummy
 66534 | Tomb:1   | Noticed a greater mummy
 66545 | Tomb:1   | Killed a greater mummy
 66566 | Tomb:1   | Noticed a greater mummy
 66575 | Tomb:1   | Noticed a greater mummy
 66580 | Tomb:1   | Killed a greater mummy
 66591 | Tomb:1   | Noticed a greater mummy
 66592 | Tomb:1   | Killed a greater mummy
 66726 | Tomb:1   | Killed a greater mummy
 66781 | Tomb:1   | Noticed a greater mummy
 66794 | Tomb:1   | Killed a greater mummy
 66794 | Tomb:1   | Reached skill level 10 in Slings
 66824 | Tomb:1   | Noticed a greater mummy
 66835 | Tomb:1   | Killed a greater mummy
 66845 | Tomb:1   | Noticed a greater mummy
 66869 | Tomb:1   | Killed a greater mummy
 67003 | Tomb:1   | Noticed Sojobo
 67012 | Tomb:1   | Killed Sojobo
 67048 | Tomb:1   | Noticed a greater mummy
 67059 | Tomb:1   | Killed a greater mummy
 67732 | D:15     | Received a gift from Okawaru
 67844 | Depths:3 | Bought a scroll of holy word for 157 gold pieces
 67844 | Depths:3 | Bought a scroll of magic mapping for 73 gold pieces
 67844 | Depths:3 | Bought a scroll of teleportation for 63 gold pieces
 68199 | Depths:3 | Voluntarily entered the Abyss.
 68251 | Abyss:1  | Gained mutation: You are frail. (-10% HP) [a neqoxec]
 68971 | Abyss:3  | Received a gift from Okawaru
 69158 | Abyss:3  | Gained mutation: You are very frail. (-20% HP) [a neqoxec]
 69159 | Abyss:3  | Lost mutation: You are very frail. (-20% HP) [a neqoxec]
 69330 | Abyss:3  | Paralysed by accursed screaming for 1 turns
 69947 | Abyss:3  | Gained mutation: You are very frail. (-20% HP) [a neqoxec]
 69953 | Abyss:3  | Found a corrupted altar of Lugonu.
 70230 | Abyss:3  | Paralysed by accursed screaming for 1 turns
 70423 | Abyss:3  | Received a gift from Okawaru
 70522 | Abyss:3  | Gained mutation: You tend to lose your temper in combat. [a neqoxec]
 70691 | Abyss:3  | Found a basalt altar of Yredelemnul.
 70715 | Abyss:3  | Received a gift from Okawaru
 70923 | Abyss:3  | Received a gift from Okawaru
 70954 | Abyss:3  | Got an abyssal rune of Zot
 70955 | Abyss:3  | Noticed an ancient lich
 70961 | Abyss:3  | Killed an ancient lich
 71050 | Abyss:3  | Received a gift from Okawaru
 71174 | Abyss:3  | Lost intelligence.
 71230 | Abyss:3  | Paralysed by a floating eye for 4 turns
 71265 | Abyss:3  | Paralysed by accursed screaming for 1 turns
 71312 | Abyss:3  | Received a gift from Okawaru
 71312 | Abyss:3  | Reached skill level 27 in Armour
 71429 | Abyss:3  | Received a gift from Okawaru
 71515 | Abyss:3  | Reached skill level 5 in Stealth
 71576 | Depths:3 | Escaped the Abyss
 71592 | Depths:3 | Lost mutation: You have large cloven feet. [potion of mutation]
 71592 | Depths:3 | Lost mutation: You are very frail. (-20% HP) [potion of mutation]
 71592 | Depths:3 | Lost mutation: Your system is resistant to poisons. (rPois) [potion of mutation]
 71592 | Depths:3 | Gained mutation: You heal very quickly. [potion of mutation]
 71593 | Depths:3 | Lost mutation: You tend to lose your temper in combat. [potion of mutation]
 71593 | Depths:3 | Lost mutation: You are partially covered in rugged brown scales. (AC +1, +3% HP) [potion of mutation]
 71593 | Depths:3 | Lost mutation: You are frail. (-10% HP) [potion of mutation]
 71593 | Depths:3 | Lost mutation: You are resistant to hostile enchantments. (MR+) [potion of mutation]
 71593 | Depths:3 | Gained mutation: You are partially covered in yellow scales. (AC +2) [potion of mutation]
 71913 | Pan      | Entered Pandemonium
 72002 | Pan      | Received a gift from Okawaru
 72005 | Pan      | Got a pair of polished boots {god gift}
 72017 | Pan      | Identified the +3 pair of boots of Dishonour {Int+2} (Okawaru gifted it to you in Pandemonium)
 72243 | Pan      | Noticed Ommuy the pandemonium lord
 72259 | Pan      | Killed Ommuy the pandemonium lord
 72392 | Pan      | Found an exit through the horrors of the Abyss.
 72700 | Pan      | Gained mutation: You are frail. (-10% HP) [a neqoxec]
 72701 | Pan      | Found an exit through the horrors of the Abyss.
 73354 | Pan      | Noticed Uxosagg the pandemonium lord
 73363 | Pan      | Killed Uxosagg the pandemonium lord
 74012 | Pan      | Received a gift from Okawaru
 74115 | Pan      | Found a runed door.
 74267 | Pan      | Found an exit through the horrors of the Abyss.
 74478 | Pan      | Received a gift from Okawaru
 74566 | Pan      | Noticed Weddahobi the pandemonium lord
 74582 | Pan      | Killed Weddahobi the pandemonium lord
 74590 | Depths:1 | Escaped Pandemonium
 74798 | Pan      | Entered Pandemonium
 74962 | Pan      | Found an exit through the horrors of the Abyss.
 74989 | Pan      | Noticed Nikuasyono the pandemonium lord
 75006 | Pan      | Killed Nikuasyono the pandemonium lord
 75013 | Pan      | Got a demonic rune of Zot
 75131 | Pan      | Reached skill level 5 in Spellcasting
 75552 | Pan      | Received a gift from Okawaru
 75553 | Pan      | Got a spiked hat {god gift}
 75554 | Pan      | Identified the +2 hat "Rauhuppa" {Int+7} (Okawaru gifted it to you in Pandemonium)
 75757 | Pan      | Noticed Yxih Vygg the pandemonium lord
 75784 | Pan      | Killed Yxih Vygg the pandemonium lord
 75907 | Pan      | Gained mutation: You expend magic power (3 MP) to strengthen your wands. [a cacodemon]
 76046 | Pan      | Gained mutation: You are very frail. (-20% HP) [a cacodemon]
 76047 | Pan      | Gained mutation: You are weak. (Str -2) [a cacodemon]
 76078 | Pan      | Found an exit through the horrors of the Abyss.
 76426 | Pan      | Found an exit through the horrors of the Abyss.
 76628 | Pan      | Noticed Ceddof the pandemonium lord
 76758 | Pan      | Identified the +6 chain mail of Uskayaw {rElec Regen+ Dex+5} (You took it off a gelid demonspawn in Pandemonium)
 76807 | Pan      | Killed Ceddof the pandemonium lord
 76808 | Pan      | Lost mutation: You heal very quickly. [potion of mutation]
 76808 | Pan      | Lost mutation: You expend magic power (3 MP) to strengthen your wands. [potion of mutation]
 76808 | Pan      | Gained mutation: Your mind is acute. (Int +2) [potion of mutation]
 76808 | Pan      | Gained mutation: You are resistant to hostile enchantments. (MR+) [potion of mutation]
 76809 | Pan      | Lost mutation: You are weak. (Str -2) [potion of mutation]
 76809 | Pan      | Lost mutation: You are very frail. (-20% HP) [potion of mutation]
 76809 | Pan      | Lost mutation: Your mind is acute. (Int +2) [potion of mutation]
 76809 | Pan      | Lost mutation: You are surrounded by a moderate repulsion field. (EV +3) [potion of mutation]
 76809 | Pan      | Lost mutation: You are resistant to hostile enchantments. (MR+) [potion of mutation]
 76809 | Pan      | Lost mutation: You are frail. (-10% HP) [potion of mutation]
 76809 | Pan      | Lost mutation: Your natural rate of healing is unusually fast. [potion of mutation]
 76809 | Pan      | Gained mutation: You have an increased reservoir of magic. (+10% MP) [potion of mutation]
 77357 | Pan      | Found a runed door.
 77580 | Pan      | Received a gift from Okawaru
 77633 | Pan      | Lost mutation: You have an increased reservoir of magic. (+10% MP) [a cacodemon]
 77697 | Pan      | Noticed Vapny the pandemonium lord
 77707 | Pan      | Killed Vapny the pandemonium lord
 77741 | Pan      | Received a gift from Okawaru
 77803 | Pan      | Found an exit through the horrors of the Abyss.
 78028 | Pan      | Noticed Tuegieq the pandemonium lord
 78662 | Pan      | Killed Tuegieq the pandemonium lord
 79093 | Pan      | Received a gift from Okawaru
 79121 | Pan      | Reached skill level 10 in Evocations
 79668 | Pan      | Received a gift from Okawaru
 79675 | Pan      | Identified the +1 war axe of Hiaproif {elec, Int+4} (Okawaru gifted it to you in Pandemonium)
 79889 | Pan      | Entered the realm of Gloorx Vloq.
 80135 | Pan      | Found an exit through the horrors of the Abyss.
 80873 | Pan      | Received a gift from Okawaru
 80885 | Pan      | Identified the +1 chain mail "Ewo God" {+Blink MR- MP+9} (Okawaru gifted it to you in Pandemonium)
 80957 | Pan      | Noticed Gloorx Vloq
 80977 | Pan      | Killed Gloorx Vloq
 80977 | Pan      | Reached skill level 15 in Slings
 81260 | Pan      | Got a dark rune of Zot
 81394 | Depths:1 | Escaped Pandemonium
 81606 | Pan      | Entered Pandemonium
 81694 | Pan      | Noticed Vaon Faf the pandemonium lord
 81719 | Pan      | Killed Vaon Faf the pandemonium lord
 81919 | Pan      | Got a twisted crystal plate armour
 81921 | Pan      | Identified the +10 crystal plate armour "Fotutoc" {rElec rPois Int-4} (You acquired it in Pandemonium)
 81987 | Pan      | Found an exit through the horrors of the Abyss.
 82111 | Pan      | Noticed Qadghafur the pandemonium lord
 82140 | Pan      | Killed Qadghafur the pandemonium lord
 82705 | Pan      | Received a gift from Okawaru
 82789 | Pan      | Found an exit through the horrors of the Abyss.
 82804 | Pan      | Gained mutation: Your spells are a little easier to cast, but a little less powerful. [a neqoxec]
 82805 | Pan      | Gained mutation: You tend to lose your temper in combat. [a neqoxec]
 82871 | Pan      | Received a gift from Okawaru
 82961 | Pan      | Found an exit through the horrors of the Abyss.
 83586 | Pan      | Entered the realm of Cerebov.
 83606 | Pan      | Got a warped hat
 83607 | Pan      | Identified the +2 hat of the Doge {+Fly} (You acquired it in Pandemonium)
 83733 | Pan      | Found an exit through the horrors of the Abyss.
 84126 | Pan      | Got a shimmering golden ring
 84127 | Pan      | Identified the ring "Yfog" {rElec rC- AC+2 Dex+8 SInv} (You took it off a red devil in Pandemonium)
 84364 | Pan      | Received a gift from Okawaru
 84367 | Pan      | Got a brightly glowing broad axe {god gift}
 84441 | Pan      | Identified the +7 broad axe of Theory {elec, rElec Int+2} (Okawaru gifted it to you in Pandemonium)
 84523 | Pan      | Noticed Cerebov
 84611 | Pan      | Identified the Incunabulum of the Mountains
 84747 | Pan      | Killed Cerebov
 84890 | Pan      | Identified the +7 battleaxe of the Nexus {chop, rC+++ rN+ MP-9} (You found it in Pandemonium)
 85319 | Pan      | Identified the cursed +0 chain mail of Cowardice {Int+4} (You found it in Pandemonium)
 85409 | Pan      | Got a fiery rune of Zot
 85631 | Pan      | Entered the realm of Lom Lobon.
 85814 | Pan      | Received a gift from Okawaru
 85855 | Pan      | Found an exit through the horrors of the Abyss.
 85963 | Pan      | Received a gift from Okawaru
 86211 | Pan      | Noticed Lom Lobon
 86675 | Pan      | Killed Lom Lobon
 86690 | Pan      | Got a magical rune of Zot
 87037 | Pan      | Received a gift from Okawaru
 87128 | Pan      | Found an exit through the horrors of the Abyss.
 87205 | Pan      | Noticed Tapnog the pandemonium lord
 87221 | Pan      | Killed Tapnog the pandemonium lord
 87888 | Pan      | Found an exit through the horrors of the Abyss.
 87961 | Pan      | Noticed Sacamp the pandemonium lord
 87988 | Pan      | HP: 12/273 [Sacamp the pandemonium lord/great icy blast (47)]
 89051 | Pan      | Found an exit through the horrors of the Abyss.
 89553 | Pan      | Reached skill level 10 in Spellcasting
 89558 | Pan      | Noticed Nosogau the pandemonium lord
 89576 | Pan      | Killed Nosogau the pandemonium lord
 89596 | Pan      | Identified the cursed +0 ring mail of Inaction {+Fly rC- Int+3} (You found it in Pandemonium)
 89762 | Pan      | Found an exit through the horrors of the Abyss.
 89764 | Pan      | Noticed Jeabb the pandemonium lord
 89835 | Pan      | Killed Jeabb the pandemonium lord
 89907 | Pan      | Received a gift from Okawaru
 90352 | Pan      | Found an exit through the horrors of the Abyss.
 90416 | Pan      | Received a gift from Okawaru
 90519 | Pan      | Identified the +1 hand axe of the Tundras {pain, rF+} (Okawaru gifted it to you in Pandemonium)
 90565 | Pan      | Noticed Yzijef the pandemonium lord
 91119 | Pan      | Noticed Futiall the pandemonium lord
 91140 | Pan      | Killed Futiall the pandemonium lord
 91237 | Pan      | Gained mutation: You expend magic power (3 MP) to strengthen your wands. [a cacodemon]
 91244 | Pan      | Gained mutation: Scrolls take you a little longer to read. [a cacodemon]
 91316 | Pan      | Gained mutation: You often lose your temper in combat. [a cacodemon]
 91340 | Pan      | Found an exit through the horrors of the Abyss.
 91343 | Pan      | Lost mutation: Scrolls take you a little longer to read. [potion of mutation]
 91343 | Pan      | Lost mutation: You are surrounded by a mild repulsion field. (EV +2) [potion of mutation]
 91343 | Pan      | Lost mutation: You expend magic power (3 MP) to strengthen your wands. [potion of mutation]
 91343 | Pan      | Lost mutation: Your spells are a little easier to cast, but a little less powerful. [potion of mutation]
 91343 | Pan      | Lost mutation: You often lose your temper in combat. [potion of mutation]
 91343 | Pan      | Gained mutation: You are weak. (Str -2) [potion of mutation]
 91343 | Pan      | Gained mutation: You evolve. [potion of mutation]
 91539 | Pan      | Received a gift from Okawaru
 91849 | Pan      | Gained mutation: You have a pair of large horns on your head. [evolution]
 91850 | Pan      | Lost mutation: You have a pair of large horns on your head. [potion of mutation]
 91850 | Pan      | Lost mutation: You are partially covered in yellow scales. (AC +2) [potion of mutation]
 91850 | Pan      | Lost mutation: You evolve. [potion of mutation]
 91850 | Pan      | Lost mutation: You tend to lose your temper in combat. [potion of mutation]
 91850 | Pan      | Gained mutation: You are resistant to hostile enchantments. (MR+) [potion of mutation]
 91850 | Pan      | Gained mutation: You have an increased reservoir of magic. (+10% MP) [potion of mutation]
 92035 | Pan      | Noticed Vucres the pandemonium lord
 92054 | Pan      | Gained mutation: Your spells are a little harder to cast, but a little more powerful. [a cacodemon]
 92058 | Pan      | Killed Vucres the pandemonium lord
 92163 | Pan      | HP: 7/273 [hellion/damnation (24)]
 92833 | Pan      | Entered the realm of Mnoleg.
 92881 | Pan      | Gained mutation: Your body sometimes deteriorates upon taking damage. [a neqoxec]
 92883 | Pan      | Lost mutation: You are weak. (Str -2) [a neqoxec]
 92885 | Pan      | Lost mutation: Your spells are a little harder to cast, but a little more powerful. [a neqoxec]
 92902 | Pan      | Gained mutation: You expend magic power (3 MP) to strengthen your wands. [a shining eye]
 92920 | Pan      | Reached skill level 27 in Dodging
 92924 | Pan      | Reached skill level 1 in Translocations
 92956 | Pan      | Noticed Mnoleg
 92974 | Pan      | Paralysed by a floating eye for 3 turns
 92994 | Pan      | Killed Mnoleg
 92994 | Pan      | Received a gift from Okawaru
 93039 | Pan      | Identified the +1 broad axe of Qiumuror {drain, *Contam rElec rC++ Int+2} (Okawaru gifted it to you in Pandemonium)
 93107 | Pan      | Got a glowing rune of Zot
 93175 | Pan      | Lost mutation: Your body sometimes deteriorates upon taking damage. [potion of mutation]
 93175 | Pan      | Lost mutation: You expend magic power (3 MP) to strengthen your wands. [potion of mutation]
 93175 | Pan      | Lost mutation: You have an increased reservoir of magic. (+10% MP) [potion of mutation]
 93175 | Pan      | Lost mutation: You are resistant to hostile enchantments. (MR+) [potion of mutation]
 93175 | Pan      | Gained mutation: You are resistant to hostile enchantments. (MR+) [potion of mutation]
 93175 | Pan      | Gained mutation: Your flesh is heat resistant. (rF+) [potion of mutation]
 93951 | Pan      | Noticed Wihuig the pandemonium lord
 93961 | Pan      | Killed Wihuig the pandemonium lord
 94047 | Pan      | Found an exit through the horrors of the Abyss.
 94080 | Pan      | Gained mutation: You tend to lose your temper in combat. [a cacodemon]
 94085 | Pan      | Gained mutation: You are clumsy. (Dex -2) [a cacodemon]
 94701 | Pan      | Received a gift from Okawaru
 94775 | Pan      | Identified The Advanced Guide to Magic
 94779 | Pan      | Found an exit through the horrors of the Abyss.
 94863 | Depths:1 | Escaped Pandemonium
 95073 | Pan      | Entered Pandemonium
 95120 | Pan      | Gained mutation: Your body sometimes deteriorates upon taking damage. [a cacodemon]
 95187 | Pan      | Noticed Qobuacen the pandemonium lord
 95203 | Pan      | Found an exit through the horrors of the Abyss.
 95211 | Pan      | Killed Qobuacen the pandemonium lord
 95286 | Pan      | Identified the +1 chain mail of Misanthropy {*Slow rF+++ Int-4 Dex+4} (You took it off a warmonger in Pandemonium)
 95582 | Pan      | Gained mutation: You do not regenerate when monsters are visible. [a neqoxec]
 95595 | Pan      | Gained mutation: You often lose your temper in combat. [a neqoxec]
 95597 | Pan      | Gained mutation: You are weak. (Str -2) [a neqoxec]
 95713 | Pan      | Found an exit through the horrors of the Abyss.
 95780 | Pan      | Received a gift from Okawaru
 95865 | Pan      | Gained mutation: You have an uncontrollable temper. [a neqoxec]
 95871 | Pan      | Noticed Anemie the pandemonium lord
 95877 | Pan      | Killed Anemie the pandemonium lord
 95905 | Pan      | Gained mutation: You are dopey. (Int -2) [a neqoxec]
 95906 | Pan      | Gained mutation: You are frail. (-10% HP) [a neqoxec]
 95921 | Pan      | Noticed Zenimet the pandemonium lord
 95938 | Pan      | Killed Zenimet the pandemonium lord
 96060 | Pan      | Gained mutation: You are very dopey. (Int -4) [a cacodemon]
 96062 | Pan      | Lost mutation: You are weak. (Str -2) [potion of mutation]
 96062 | Pan      | Lost mutation: You have an uncontrollable temper. [potion of mutation]
 96062 | Pan      | Lost mutation: You are clumsy. (Dex -2) [potion of mutation]
 96062 | Pan      | Lost mutation: Your body sometimes deteriorates upon taking damage. [potion of mutation]
 96062 | Pan      | Lost mutation: You do not regenerate when monsters are visible. [potion of mutation]
 96062 | Pan      | Lost mutation: You are frail. (-10% HP) [potion of mutation]
 96062 | Pan      | Gained mutation: You are partially covered in iridescent scales. (AC +2) [potion of mutation]
 96062 | Pan      | Lost mutation: You often lose your temper in combat. [potion of mutation]
 96062 | Pan      | Gained mutation: Your flesh is very heat resistant. (rF++) [potion of mutation]
 96621 | Pan      | Gained mutation: Your spells are a little easier to cast, but a little less powerful. [a neqoxec]
 96623 | Pan      | Gained mutation: Scrolls take you a little longer to read. [a neqoxec]
 96624 | Pan      | Found an exit through the horrors of the Abyss.
 96906 | Pan      | Gained mutation: You are clumsy. (Dex -2) [a cacodemon]
 96958 | Pan      | Gained mutation: Your magical capacity is low. (-10% MP) [a cacodemon]
 97165 | Pan      | Noticed Tiuguiff the pandemonium lord
 97181 | Pan      | Killed Tiuguiff the pandemonium lord
 97193 | Pan      | Reached skill level 27 in Invocations
 97456 | Pan      | Received a gift from Okawaru
 97467 | Pan      | Reached skill level 15 in Evocations
 97821 | Pan      | Noticed Ugugriku the pandemonium lord
 97830 | Pan      | Killed Ugugriku the pandemonium lord
 97871 | Pan      | Noticed Qoew the pandemonium lord
 97913 | Pan      | Killed Qoew the pandemonium lord
 98411 | Pan      | Gained mutation: Your body sometimes deteriorates upon taking damage. [a cacodemon]
 98545 | Pan      | Received a gift from Okawaru
 98647 | Pan      | Found a glowing silver altar of Zin.
 98961 | Pan      | Identified the cursed +0 large shield of Wisdom {Str+3} (You took it off a daeva in Pandemonium)
 99231 | Pan      | Got an ancient diamond amulet
 99234 | Pan      | Identified the amulet "Juzy" {+Rage MR+ Dex+2} (You found it in Pandemonium)
 99400 | Pan      | Found a white marble altar of Elyvilon.
100169 | Pan      | Received a gift from Okawaru
100649 | Pan      | Noticed a seraph
100666 | Pan      | Killed a seraph
100726 | Pan      | Found a glowing golden altar of the Shining One.
100735 | Pan      | Got a heavily runed wooden ring
100738 | Pan      | Identified the +8 fustibalus of Amorality {freeze, rPois rF+ rN+ Str+3} (You took it off an angel in Pandemonium)
100740 | Pan      | Identified the +3 plate armour "Vaokkis" {rN+} (You took it off an angel in Pandemonium)
100785 | Pan      | Identified Esabah's Tome of the Compass and Transmutation
100791 | Pan      | Identified the amulet "Ciudot" {Fragile Regen+ Int+7} (You found it in Pandemonium)
100876 | Pan      | Identified the ring "Feihir" {rElec rF- rC+ MR+} (You took it off an angel in Pandemonium)
101057 | Depths:1 | Escaped Pandemonium
101164 | D:13     | Lost mutation: Your flesh is very heat resistant. (rF++) [potion of mutation]
101164 | D:13     | Lost mutation: Your body sometimes deteriorates upon taking damage. [potion of mutation]
101164 | D:13     | Lost mutation: You are very dopey. (Int -4) [potion of mutation]
101164 | D:13     | Lost mutation: You are dopey. (Int -2) [potion of mutation]
101164 | D:13     | Lost mutation: You are resistant to hostile enchantments. (MR+) [potion of mutation]
101164 | D:13     | Gained mutation: You are partially covered in large bone plates. (SH +4) [potion of mutation]
101166 | D:13     | Lost mutation: Your magical capacity is low. (-10% MP) [potion of mutation]
101166 | D:13     | Lost mutation: Your spells are a little easier to cast, but a little less powerful. [potion of mutation]
101166 | D:13     | Lost mutation: Your flesh is heat resistant. (rF+) [potion of mutation]
101166 | D:13     | Gained mutation: Your spells are a little easier to cast, but a little less powerful. [potion of mutation]
101166 | D:13     | Gained mutation: You are partially covered in yellow scales. (AC +2) [potion of mutation]
101167 | D:13     | Lost mutation: Scrolls take you a little longer to read. [potion of mutation]
101167 | D:13     | Lost mutation: Your spells are a little easier to cast, but a little less powerful. [potion of mutation]
101167 | D:13     | Lost mutation: You tend to lose your temper in combat. [potion of mutation]
101167 | D:13     | Lost mutation: You are partially covered in large bone plates. (SH +4) [potion of mutation]
101167 | D:13     | Lost mutation: You are partially covered in yellow scales. (AC +2) [potion of mutation]
101167 | D:13     | Gained mutation: Scrolls take you a little longer to read. [potion of mutation]
101167 | D:13     | Gained mutation: Your natural rate of healing is unusually fast. [potion of mutation]
101168 | D:13     | Lost mutation: Scrolls take you a little longer to read. [potion of mutation]
101168 | D:13     | Gained mutation: You can translocate small distances at will. [potion of mutation]
101168 | D:13     | Gained mutation: You have a pair of large horns on your head. [potion of mutation]
101169 | D:13     | Lost mutation: Your natural rate of healing is unusually fast. [potion of mutation]
101169 | D:13     | Lost mutation: You are clumsy. (Dex -2) [potion of mutation]
101169 | D:13     | Gained mutation: You are weak. (Str -2) [potion of mutation]
101169 | D:13     | Gained mutation: You evolve. [potion of mutation]
101418 | Orc:1    | Bought a potion of mutation for 144 gold pieces
101494 | Elf:3    | Bought a potion of mutation for 128 gold pieces
101495 | Elf:3    | Lost mutation: You evolve. [potion of mutation]
101495 | Elf:3    | Lost mutation: You are weak. (Str -2) [potion of mutation]
101495 | Elf:3    | Lost mutation: You have a pair of large horns on your head. [potion of mutation]
101495 | Elf:3    | Gained mutation: You are occasionally teleported next to monsters. [potion of mutation]
101495 | Elf:3    | Gained mutation: Your body sometimes deteriorates upon taking damage. [potion of mutation]
101495 | Elf:3    | Gained mutation: You have sharp toenails. [potion of mutation]
101501 | Elf:3    | Lost mutation: You have sharp toenails. [potion of mutation]
101501 | Elf:3    | Lost mutation: Your body sometimes deteriorates upon taking damage. [potion of mutation]
101501 | Elf:3    | Gained mutation: You are resistant to hostile enchantments. (MR+) [potion of mutation]
101501 | Elf:3    | Gained mutation: Your mind is acute. (Int +2) [potion of mutation]
102308 | Vaults:2 | Bought a book of Death for 1190 gold pieces
102998 | Elf:2    | Bought a scroll of enchant weapon for 195 gold pieces
103110 | Orc:2    | Bought a scroll of enchant weapon for 112 gold pieces
103110 | Orc:2    | Bought a scroll of magic mapping for 52 gold pieces
104084 | Tomb:3   | Entered Level 3 of the Tomb of the Ancients
104113 | Tomb:3   | Noticed a greater mummy
104114 | Tomb:3   | Noticed a greater mummy
104115 | Tomb:3   | Noticed a greater mummy
104118 | Tomb:3   | Noticed a greater mummy
104128 | Tomb:3   | Killed a greater mummy
104128 | Tomb:3   | Received a gift from Okawaru
104597 | Tomb:3   | Noticed a greater mummy
104602 | Tomb:3   | Killed a greater mummy
105186 | Tomb:3   | Killed a greater mummy
105197 | Tomb:3   | Killed a greater mummy
105223 | Tomb:3   | Killed a greater mummy
105239 | Tomb:3   | Got a fine hand axe {god gift}
105250 | Tomb:3   | Identified the +6 hand axe of Cocytus {chop, Int+3} (Okawaru gifted it to you on level 3 of the Tomb of the Ancients)
105389 | Tomb:3   | Identified Tiubes's Papyrus of Moulding and the Mountains
105418 | Tomb:3   | Identified the ring "Ezxef" {+Inv rF+ Int+7 Dex-3} (You acquired it on level 3 of the Tomb of the Ancients)
105423 | Tomb:3   | Got a diamond-encrusted scale mail
105424 | Tomb:3   | Identified the +0 scale mail "Buteben" {rElec rN+ Str+3 Stlth-} (You acquired it on level 3 of the Tomb of the Ancients)
105445 | Tomb:3   | Noticed a greater mummy
105464 | Tomb:3   | Killed a greater mummy
105761 | Tomb:3   | Noticed a greater mummy
105773 | Tomb:3   | Killed a greater mummy
105941 | Tomb:3   | Noticed an ancient lich
105950 | Tomb:3   | Killed an ancient lich
105950 | Tomb:3   | Reached skill level 15 in Spellcasting
106081 | Tomb:3   | Received a gift from Okawaru
106093 | Tomb:3   | Noticed a greater mummy
106112 | Tomb:3   | Killed a greater mummy
106394 | Tomb:3   | Got a golden rune of Zot
107057 | Geh:1    | Entered Level 1 of Gehenna
107102 | Geh:1    | Reached skill level 1 in Hexes
107102 | Geh:1    | Reached skill level 1 in Earth Magic
107158 | Geh:1    | Reached skill level 1 in Fire Magic
107169 | Geh:1    | Lost mutation: You are partially covered in iridescent scales. (AC +2) [potion of mutation]
107169 | Geh:1    | Lost mutation: Your mind is acute. (Int +2) [potion of mutation]
107169 | Geh:1    | Lost mutation: You are occasionally teleported next to monsters. [potion of mutation]
107169 | Geh:1    | Lost mutation: You can translocate small distances at will. [potion of mutation]
107169 | Geh:1    | Lost mutation: You have extremely sharp teeth. [potion of mutation]
107169 | Geh:1    | Lost mutation: You have very sharp teeth. [potion of mutation]
107169 | Geh:1    | Gained mutation: Your system is resistant to poisons. (rPois) [potion of mutation]
107169 | Geh:1    | Gained mutation: Your spells are a little harder to cast, but a little more powerful. [potion of mutation]
107169 | Geh:1    | Gained mutation: You possess an exceptional clarity of mind. [potion of mutation]
107615 | Geh:1    | Received a gift from Okawaru
110128 | Geh:3    | Received a gift from Okawaru
110657 | Geh:3    | Reached skill level 5 in Fire Magic
110977 | Geh:3    | Reached skill level 5 in Earth Magic
111450 | Geh:4    | HP: 12/273 [hellion/damnation[the effects of Hell] (17)]
111477 | Geh:4    | HP: 3/273 [Brimstone Fiend/damnation[the effects of Hell] (32)]
111501 | Geh:4    | HP: 10/273 [the effects of Hell (34)]
111511 | Geh:4    | Received a gift from Okawaru
112626 | Geh:5    | Reached skill level 5 in Hexes
112913 | Geh:6    | Received a gift from Okawaru
112954 | Geh:7    | Entered Level 7 of Gehenna
113805 | Geh:7    | Received a gift from Okawaru
113979 | Geh:7    | Received a gift from Okawaru
114766 | Geh:7    | Received a gift from Okawaru
115067 | Geh:7    | Noticed Asmodeus
115100 | Geh:7    | Killed Asmodeus
115163 | Geh:7    | Got an obsidian rune of Zot
115263 | Geh:7    | Reached skill level 10 in Stealth
115390 | Tar:1    | Entered Level 1 of Tartarus
115544 | Tar:1    | Reached skill level 5 in Translocations
115986 | Tar:1    | Received a gift from Okawaru
116091 | Tar:1    | Received a gift from Okawaru
116148 | Tar:1    | Gained mutation: You are occasionally teleported next to monsters. [mutagenic glow]
116431 | Tar:2    | Received a gift from Okawaru
116435 | Tar:2    | Identified the +0 large shield "Mikuask" {+Fly rC+ rN+} (Okawaru gifted it to you on level 2 of Tartarus)
116566 | Tar:2    | Lost mutation: Your spells are a little harder to cast, but a little more powerful. [potion of mutation]
116566 | Tar:2    | Lost mutation: You are resistant to hostile enchantments. (MR+) [potion of mutation]
116566 | Tar:2    | Gained mutation: Armour fits poorly on your strangely shaped body. [potion of mutation]
116566 | Tar:2    | Gained mutation: Scrolls take you a little longer to read. [potion of mutation]
116566 | Tar:2    | Gained mutation: You can translocate small distances at will. [potion of mutation]
116567 | Tar:2    | Lost mutation: Armour fits poorly on your strangely shaped body. [potion of mutation]
116567 | Tar:2    | Lost mutation: Your system is resistant to poisons. (rPois) [potion of mutation]
116567 | Tar:2    | Lost mutation: Scrolls take you a little longer to read. [potion of mutation]
116567 | Tar:2    | Lost mutation: You possess an exceptional clarity of mind. [potion of mutation]
116567 | Tar:2    | Gained mutation: You are dopey. (Int -2) [potion of mutation]
116567 | Tar:2    | Gained mutation: You are partially covered in thin metallic scales. (AC +2) [potion of mutation]
116568 | Tar:2    | Lost mutation: You can translocate small distances at will. [potion of mutation]
116568 | Tar:2    | Lost mutation: You are dopey. (Int -2) [potion of mutation]
116568 | Tar:2    | Lost mutation: You are occasionally teleported next to monsters. [potion of mutation]
116568 | Tar:2    | Gained mutation: Potions are less effective at restoring your health. [potion of mutation]
116568 | Tar:2    | Gained mutation: You possess an exceptional clarity of mind. [potion of mutation]
118156 | Tar:7    | Entered Level 7 of Tartarus
118519 | Tar:7    | Gained mutation: Scrolls take you a little longer to read. [mutagenic glow]
118679 | Tar:7    | Received a gift from Okawaru
121522 | Tar:7    | Received a gift from Okawaru
122404 | Tar:7    | Received a gift from Okawaru
122744 | Tar:7    | Noticed Ereshkigal
122763 | Tar:7    | Killed Ereshkigal
122778 | Tar:7    | Got a bone rune of Zot
123360 | Tar:7    | Received a gift from Okawaru
124166 | Tar:7    | Gained mutation: You expend magic power (3 MP) to strengthen your wands. [mutagenic glow]
124905 | Coc:1    | Entered Level 1 of Cocytus
125260 | Coc:4    | Received a gift from Okawaru
125716 | Coc:2    | Reached skill level 10 in Fire Magic
126084 | Coc:6    | Found a huge runed gate.
126084 | Coc:6    | Found a huge runed gate.
126084 | Coc:6    | Found a huge runed gate.
126084 | Coc:6    | Found a huge runed gate.
126594 | Coc:3    | Reached skill level 10 in Earth Magic
127854 | Coc:7    | Entered Level 7 of Cocytus
128071 | Coc:7    | Received a gift from Okawaru
128095 | Coc:7    | Identified the +4 shield of Moral Flaws {rElec rPois MR- Int+3} (Okawaru gifted it to you on level 7 of Cocytus)
129254 | Coc:7    | Noticed Antaeus
129401 | Coc:7    | Received a gift from Okawaru
129781 | Coc:7    | Killed Antaeus
129812 | Coc:7    | Got an icy rune of Zot
129817 | Coc:7    | Identified the Tome of Freezing Translocation
129930 | Coc:7    | Received a gift from Okawaru
130043 | Coc:7    | Reached skill level 10 in Hexes
130147 | Hell     | Learned a level 8 spell: Controlled Blink
130153 | Dis:1    | Entered Level 1 of the Iron City of Dis
132031 | Dis:2    | Reached skill level 10 in Translocations
132215 | Dis:7    | Entered Level 7 of the Iron City of Dis
132375 | Dis:7    | Gained mutation: Your spells are a little easier to cast, but a little less powerful. [mutagenic glow]
132407 | Dis:7    | Gained mutation: You do not regenerate when monsters are visible. [mutagenic glow]
132507 | Dis:7    | Received a gift from Okawaru
132924 | Dis:7    | Lost mutation: Your spells are a little easier to cast, but a little less powerful. [potion of mutation]
132924 | Dis:7    | Lost mutation: Scrolls take you a little longer to read. [potion of mutation]
132924 | Dis:7    | Lost mutation: You do not regenerate when monsters are visible. [potion of mutation]
132924 | Dis:7    | Lost mutation: You expend magic power (3 MP) to strengthen your wands. [potion of mutation]
132924 | Dis:7    | Lost mutation: You possess an exceptional clarity of mind. [potion of mutation]
132924 | Dis:7    | Gained mutation: You are clumsy. (Dex -2) [potion of mutation]
132924 | Dis:7    | Gained mutation: Your body sometimes deteriorates upon taking damage. [potion of mutation]
132924 | Dis:7    | Lost mutation: You are clumsy. (Dex -2) [potion of mutation]
132924 | Dis:7    | Gained mutation: Your skin changes colour to match your surroundings (Stealth+). [potion of mutation]
133088 | Dis:7    | Received a gift from Okawaru
133951 | Dis:7    | Reached skill level 27 in Slings
134016 | Dis:7    | Received a gift from Okawaru
134057 | Dis:7    | Got a twitching lead amulet
134058 | Dis:7    | Identified the amulet "Qeyl" {Gourm rN+ Str+7 Slay+3} (You found it on level 7 of the Iron City of Dis)
134181 | Dis:7    | Identified Aru Jir's Guide on the Hurtful Entourage
134222 | Dis:7    | Received a gift from Okawaru
134275 | Dis:7    | Identified the cursed +2 broad axe of Doom {drain, MR+ Int+4 SInv} (You found it on level 7 of the Iron City of Dis)
134423 | Dis:7    | Noticed the Serpent of Hell
134460 | Dis:7    | Killed the Serpent of Hell
135251 | Dis:7    | Noticed Dispater
135279 | Dis:7    | Killed Dispater
135342 | Dis:7    | Got an iron rune of Zot
135343 | Dis:7    | Identified The Catalogue of Greatest Risks and Utility
135516 | D:13     | Learned a level 5 spell: Lee's Rapid Deconstruction
135520 | D:13     | Learned a level 3 spell: Teleport Other
135522 | D:13     | Lost mutation: Your body sometimes deteriorates upon taking damage. [potion of mutation]
135522 | D:13     | Lost mutation: Potions are less effective at restoring your health. [potion of mutation]
135522 | D:13     | Lost mutation: You are partially covered in thin metallic scales. (AC +2) [potion of mutation]
135522 | D:13     | Gained mutation: You are clumsy. (Dex -2) [potion of mutation]
135522 | D:13     | Gained mutation: Your magical capacity is low. (-10% MP) [potion of mutation]
135522 | D:13     | Gained mutation: You can translocate small distances at will. [potion of mutation]
135554 | D:13     | Learned a level 3 spell: Confuse
135862 | Zot:5    | Got the Orb of Zot
135889 | Zot:5    | Noticed Cuchiwn the pandemonium lord
135906 | Zot:5    | Killed Cuchiwn the pandemonium lord
136018 | Zot:1    | Received a gift from Okawaru
136137 | Depths:1 | Noticed Niudoeck the pandemonium lord
136153 | Depths:1 | Killed Niudoeck the pandemonium lord
136305 | D:11     | Noticed Doethegi the pandemonium lord
136315 | D:11     | Killed Doethegi the pandemonium lord
136394 | D:8      | Noticed Xas Ebazo the pandemonium lord
136439 | D:8      | Killed Xas Ebazo the pandemonium lord
136477 | D:7      | Noticed a seraph
136492 | D:7      | Killed a seraph
136492 | D:7      | Received a gift from Okawaru
136527 | D:7      | Noticed Zyfimeug the pandemonium lord
136751 | D:4      | Noticed Vukhuc the pandemonium lord
136814 | D:$      | Escaped with the Orb!

Skill      XL: |  1  2  3  4  5  6  7  8  9 10 11 12 13 14 15 16 17 18 19 20 21 22 23 24 25 26 27 |
---------------+----------------------------------------------------------------------------------+-----
Fighting       | 4 5 6 7 9 10 11 13 14 15 16 17 18 19 20 21 22 23 27 | 27.0
Armour         | 4 5 6 7 9 10 11 12 13 14 15 16 17 18 19 27 | 27.0
Shields        | 4 5 6 7 8 10 11 12 14 16 17 18 20 21 22 23 24 25 26 27 | 27.0
Axes           | 3 5 8 9 11 12 14 15 16 17 18 19 20 21 22 23 24 27 | 27.0
Dodging        | 1 2 3 6 8 10 11 12 13 14 15 16 17 18 19 27 | 27.0
Evocations     | 1 2 3 22 | 22.3
Throwing       | 1 2 |  2.8
Stealth        | 1 2 13 | 13.3
Invocations    | 2 4 5 6 8 9 10 11 12 13 27 | 27.0
Spellcasting   | 2 18 | 18.5
Slings         | 27 | 27.0
Translocations | 11 | 11.9
Hexes          | 12 | 12.5
Earth Magic    | 11 | 11.1
Fire Magic     | 11 | 11.1

Action                   |  1- 3 |  4- 6 |  7- 9 | 10-12 | 13-15 | 16-18 | 19-21 | 22-24 | 25-27 || total
-------------------------+-------+-------+-------+-------+-------+-------+-------+-------+-------++-------
Melee: War axe           |    77 |   138 |   300 |       |       |       |       |       |       ||   515
       Headbutt          |    11 |    22 |    66 |    89 |   373 |   475 |   304 |   728 |  5236 ||  7304
       Hand axe          |       |       |    34 |   485 |  1130 |   871 |   541 |  1751 |  1037 ||  5849
       Halberd           |       |       |       |     2 |       |       |       |       |       ||     2
       Broad axe         |       |       |       |       |       |   479 |   261 |    10 | 12049 || 12799
       Bite              |       |       |       |       |       |       |   116 |   403 |  1873 ||  2392
       Battleaxe         |       |       |       |       |       |       |       |       |    26 ||    26
 Fire: Fustibalus        |       |       |       |       |       |       |       |       |   613 ||   613
Throw: Tomahawk          |       |       |       |    12 |       |       |       |       |       ||    12
 Cast: Blink             |       |       |       |       |       |       |       |       |     8 ||     8
       Teleport Other    |       |       |       |       |       |       |       |       |     1 ||     1
Invok: Heroism           |       |       |       |     5 |     7 |     4 |     4 |    17 |   128 ||   165
       Finesse           |       |       |       |     4 |     4 |     2 |     3 |     6 |    80 ||    99
 Abil: Stop Flying       |       |       |       |       |     1 |       |       |     8 |    23 ||    32
       Evoke Flight      |       |       |       |       |       |       |       |     9 |    24 ||    33
       Blink             |       |       |       |       |       |       |       |       |     1 ||     1
Evoke: Wand              |       |       |     9 |     5 |       |       |       |     1 |    23 ||    38
       Phantom mirror    |       |       |       |       |       |       |       |     1 |       ||     1
  Use: Scroll            |     3 |     2 |    11 |    13 |    27 |     8 |     2 |    11 |   114 ||   191
       Potion            |       |     5 |       |     5 |     3 |     3 |     4 |    11 |    84 ||   115
 Stab: Confused          |       |       |       |       |       |     1 |       |       |     7 ||     8
       Distracted        |       |       |       |       |       |       |       |     1 |    11 ||    12
       Petrifying        |       |       |       |       |       |       |       |       |     1 ||     1
  Eat: Chunk             |     1 |     8 |     8 |    16 |    37 |    74 |    69 |    34 |    42 ||   289
       Fruit             |       |       |     2 |     1 |     2 |     3 |     1 |    17 |    54 ||    80
       Bread ration      |       |       |       |     1 |       |       |       |       |    45 ||    46
       Meat ration       |       |       |       |     1 |       |       |       |       |       ||     1
Armor: Scale mail        |    46 |       |    61 |       |       |       |       |       |       ||   107
       Ring mail         |     1 |    35 |    31 |       |       |       |       |       |       ||    67
       Chain mail        |       |       |    35 |       |       |       |       |       |       ||    35
       Plate armour      |       |       |     3 |    90 |       |       |       |       |       ||    93
       Gold dragon scale |       |       |       |    57 |   290 |   461 |   185 |   285 |  2034 ||  3312
       Crystal plate arm |       |       |       |       |       |       |       |       |     4 ||     4
Dodge: Dodged            |    31 |    47 |   117 |    61 |   153 |   331 |   140 |   474 |  5087 ||  6441
       Deflected         |       |       |       |       |       |       |       |     4 |    16 ||    20
Block: Shield            |    43 |    78 |   184 |   201 |   651 |  1239 |   541 |  1343 | 11882 || 16162
       Reflection        |       |       |       |     1 |    37 |    61 |    65 |    56 |   237 ||   457
       Other             |       |       |       |       |       |       |       |       |     5 ||     5
